Workbook

Sheet 汇总表
A1: 固定资产评估申报汇总表
A2: 评估基准日：2019年10月25日
I3: 表4-6
A4: 被评估公司：长沙市第一医院（长沙市传染病医院、长沙市公共卫生救治中心） | I4: 金额单位：人民币元
A5: 编号 | B5: 科目名称 | C5: 台套 | D5: 账面价值 | H5: 评估价值 | J5: 增值金额
D6: 原值 | E6: 累计折旧 | F6: 减值准备 | G6: 净值 | H6: 原值 | I6: 净值
A7: 4-6-1 | B7: 房屋建筑物类 | C7: =#REF! -> #REF! | D7: =房屋建筑物!K15 -> 63158069 | E7: =房屋建筑物!L15 -> 9684417.9 | F7: =房屋建筑物!M15 -> 53473651 | G7: =房屋建筑物!M15 -> 53473651 | H7: =#REF! -> #REF! | I7: =房屋建筑物!N15 -> 258812.92 | J7: =I7-G7 -> -53214838
A8: 4-6-2 | B8: 设备类 | D8: =#REF! -> #REF! | E8: =#REF! -> #REF! | F8: =#REF! -> #REF! | G8: =#REF! -> #REF! | I8: =#REF! -> #REF! | J8: =I8-G8 -> #REF!
A11: 固定资产合计 | C11: =SUM(C7:C10) -> #REF! | D11: =D7+D8 -> #REF! | E11: =E7+E8 -> #REF! | F11: =F7+F8 -> #REF! | G11: =G7+G8 -> #REF! | H11: =H7+H8 -> #REF! | I11: =I7+I8 -> #REF! | J11: =J7+J8 -> #REF!
A12: 评估单位：湖南恒基资产评估有限公司 | I12: 评估人员：李力、欧光顺

Sheet 办公电子设备明细表1111
A1: 固定资产—办公电子设备评估申报明细表
A2: 评估基准日：2019年10月25日
S3: 表4-6-1
A4: 被评估公司：长沙市中医医院（长沙市第八医院） | T4: 金额单位：人民币元 | V4: 43604
A5: 序号 | B5: 报废单号 | C5: 财政资产编号 | E5: 卡片编号 | F5: 设备名称 | G5: 规格型号 | H5: 计量单位 | I5: 数量 | J5: 购置日期 | K5: 启用日期 | L5: 账面价值 | O5: 含税评估价值（残余价值） | R5: 评估单价（元/台） | S5: 增值金额 | T5: 增值率% | U5: 备注
L6: 原值 | M6: 累计折旧 | N6: 净值 | O6: 原值 | P6: 成新率% | Q6: 净值
A7: 728 | C7: 302013000000824 | D7: 302013000000824 | E7: 000014113 | F7: 自动毁形机（坏） | H7: 台 | I7: 1 | J7: 2001-01-01 | K7: 2001-01-01 | L7: 5300 | M7: 4416.6 | N7: =L7-M7 -> 883.4 | O7: 0 | Q7: =O7 -> 0 | R7: 0 | S7: =Q7-N7 -> -883 | U7: 已灭失
A8: 246 | C8: 302013000000923 | D8: 302013000000923 | E8: WSQYFDQ-01617 | F8: 智能点钞机 | H8: 台 | I8: 1 | J8: 2005-05-01 | K8: 2005-05-01 | L8: 2350 | M8: 1958.4 | N8: =L8-M8 -> 391.6 | O8: 7 | Q8: =O8 -> 7 | R8: 7 | S8: =Q8-N8 -> -385 | T8: =IF(N8=0,"",(Q8-N8)/(N8)) -> -0.9821
A9: 245 | C9: 302013000000924 | D9: 302013000000924 | E9: WSQYFDQ-01618 | F9: 智能点钞机 | H9: 台 | I9: 1 | J9: 2005-02-01 | K9: 2005-02-01 | L9: 2350 | M9: 1958.4 | N9: =L9-M9 -> 391.6 | O9: 7 | Q9: =O9 -> 7 | R9: 7 | S9: =Q9-N9 -> -385 | T9: =IF(N9=0,"",(Q9-N9)/(N9)) -> -0.9821
A10: 248 | C10: 302013000000925 | D10: 302013000000925 | E10: WSQYFDQ-01619 | F10: 智能点钞机 | H10: 台 | I10: 1 | J10: 2005-02-01 | K10: 2005-02-01 | L10: 2350 | M10: 1958.4 | N10: =L10-M10 -> 391.6 | O10: 7 | Q10: =O10 -> 7 | R10: 7 | S10: =Q10-N10 -> -385 | T10: =IF(N10=0,"",(Q10-N10)/(N10)) -> -0.9821
A11: 247 | C11: 302013000000926 | D11: 302013000000926 | E11: WSQYFDQ-01620 | F11: 智能点钞机 | H11: 台 | I11: 1 | J11: 2005-02-01 | K11: 2005-02-01 | L11: 2350 | M11: 1958.4 | N11: =L11-M11 -> 391.6 | O11: 7 | Q11: =O11 -> 7 | R11: 7 | S11: =Q11-N11 -> -385 | T11: =IF(N11=0,"",(Q11-N11)/(N11)) -> -0.9821
A12: 250 | C12: 302013000000927 | D12: 302013000000927 | E12: WSQYFDQ-01622 | F12: 智能点钞机 | H12: 台 | I12: 1 | J12: 2003-06-01 | K12: 2003-06-01 | L12: 3800 | M12: 3166.8 | N12: =L12-M12 -> 633.2 | O12: 7 | Q12: =O12 -> 7 | R12: 7 | S12: =Q12-N12 -> -626 | T12: =IF(N12=0,"",(Q12-N12)/(N12)) -> -0.9889
A13: 249 | C13: 302013000000928 | D13: 302013000000928 | E13: WSQYFDQ-01623 | F13: 智能点钞机 | H13: 台 | I13: 1 | J13: 2003-06-01 | K13: 2003-06-01 | L13: 3800 | M13: 3166.8 | N13: =L13-M13 -> 633.2 | O13: 7 | Q13: =O13 -> 7 | R13: 7 | S13: =Q13-N13 -> -626 | T13: =IF(N13=0,"",(Q13-N13)/(N13)) -> -0.9889
A14: 244 | C14: 302013000000929 | D14: 302013000000929 | E14: WSQYFDQ-01626 | F14: 智能点钞机 | H14: 台 | I14: 1 | J14: 2001-12-01 | K14: 2001-12-01 | L14: 4500 | M14: 3750 | N14: =L14-M14 -> 750 | O14: 7 | Q14: =O14 -> 7 | R14: 7 | S14: =Q14-N14 -> -743 | T14: =IF(N14=0,"",(Q14-N14)/(N14)) -> -0.9907
A15: 243 | C15: 302013000000930 | D15: 302013000000930 | E15: WSQYFDQ-01627 | F15: 智能点钞机 | H15: 台 | I15: 1 | J15: 2001-12-01 | K15: 2001-12-01 | L15: 4500 | M15: 3750 | N15: =L15-M15 -> 750 | O15: 7 | Q15: =O15 -> 7 | R15: 7 | S15: =Q15-N15 -> -743 | T15: =IF(N15=0,"",(Q15-N15)/(N15)) -> -0.9907
A16: 242 | C16: 302013000000931 | D16: 302013000000931 | E16: WSQYFDQ-01628 | F16: 智能点钞机 | H16: 台 | I16: 1 | J16: 2001-12-01 | K16: 2001-12-01 | L16: 4500 | M16: 3750 | N16: =L16-M16 -> 750 | O16: 7 | Q16: =O16 -> 7 | R16: 7 | S16: =Q16-N16 -> -743 | T16: =IF(N16=0,"",(Q16-N16)/(N16)) -> -0.9907
A17: 714 | C17: 302013000000994 | D17: 302013000000994 | E17: 000012270 | F17: 真皮沙发 | H17: 套 | I17: 1 | J17: 1999-01-01 | K17: 1999-01-01 | L17: 1600 | M17: 533.4 | N17: =L17-M17 -> 1066.6 | O17: 0 | Q17: =O17 -> 0 | R17: 0 | S17: =Q17-N17 -> -1067 | U17: 前期已处置
A18: 727 | C18: 302013000001004 | D18: 302013000001004 | E18: 000012043 | F18: 真空泵（坏） | H18: 台 | I18: 1 | J18: 2001-01-01 | K18: 2001-01-01 | L18: 4330 | M18: 4330 | N18: =L18-M18 -> 0 | O18: 0 | Q18: =O18 -> 0 | R18: 0 | S18: =Q18-N18 -> 0 | T18: =IF(N18=0,"",(Q18-N18)/(N18)) | U18: 已灭失
A19: 139 | C19: 302013000001010 | D19: 302013000001010 | E19: 000024160 | F19: 针式打印机 | H19: 台 | I19: 1 | J19: 2011-10-31 | K19: 2011-10-31 | L19: 1200 | M19: 1000.2 | N19: =L19-M19 -> 199.8 | O19: 35 | Q19: =O19 -> 35 | R19: 35 | S19: =Q19-N19 -> -165 | T19: =IF(N19=0,"",(Q19-N19)/(N19)) -> -0.8248
A20: 146 | C20: 302013000001011 | D20: 302013000001011 | E20: 000024053 | F20: 针式打印机 | H20: 台 | I20: 1 | J20: 2011-05-31 | K20: 2011-05-31 | L20: 1350 | M20: 1125 | N20: =L20-M20 -> 225 | O20: 35 | Q20: =O20 -> 35 | R20: 35 | S20: =Q20-N20 -> -190 | T20: =IF(N20=0,"",(Q20-N20)/(N20)) -> -0.8444
A21: 155 | C21: 302013000001019 | D21: 302013000001019 | E21: 000024024 | F21: 针式打印机 | H21: 台 | I21: 1 | J21: 2011-05-31 | K21: 2011-05-31 | L21: 1760 | M21: 1466.4 | N21: =L21-M21 -> 293.6 | O21: 35 | Q21: =O21 -> 35 | R21: 35 | S21: =Q21-N21 -> -259 | T21: =IF(N21=0,"",(Q21-N21)/(N21)) -> -0.8808
A22: 176 | C22: 302013000001027 | D22: 302013000001027 | E22: 000024044 | F22: 针式打印机 | H22: 台 | I22: 1 | J22: 2011-05-31 | K22: 2011-05-31 | L22: 1950 | M22: 1624.8 | N22: =L22-M22 -> 325.2 | O22: 35 | Q22: =O22 -> 35 | R22: 35 | S22: =Q22-N22 -> -290 | T22: =IF(N22=0,"",(Q22-N22)/(N22)) -> -0.8924
A23: 204 | C23: 302013000001035 | D23: 302013000001035 | E23: 000023637 | F23: 针式打印机 | H23: 台 | I23: 1 | J23: 2010-11-30 | K23: 2010-11-30 | L23: 2500 | M23: 2083.2 | N23: =L23-M23 -> 416.8 | O23: 35 | Q23: =O23 -> 35 | R23: 35 | S23: =Q23-N23 -> -382 | T23: =IF(N23=0,"",(Q23-N23)/(N23)) -> -0.916
A24: 205 | C24: 302013000001036 | D24: 302013000001036 | E24: 000023718 | F24: 针式打印机 | H24: 台 | I24: 1 | J24: 2010-12-31 | K24: 2010-12-31 | L24: 2500 | M24: 2083.2 | N24: =L24-M24 -> 416.8 | O24: 35 | Q24: =O24 -> 35 | R24: 35 | S24: =Q24-N24 -> -382 | T24: =IF(N24=0,"",(Q24-N24)/(N24)) -> -0.916
A25: 203 | C25: 302013000001037 | D25: 302013000001037 | E25: 000023635 | F25: 针式打印机 | H25: 台 | I25: 1 | J25: 2010-11-30 | K25: 2010-11-30 | L25: 2500 | M25: 2083.2 | N25: =L25-M25 -> 416.8 | O25: 35 | Q25: =O25 -> 35 | R25: 35 | S25: =Q25-N25 -> -382 | T25: =IF(N25=0,"",(Q25-N25)/(N25)) -> -0.916
A26: 202 | C26: 302013000001038 | D26: 302013000001038 | E26: 000023641 | F26: 针式打印机 | H26: 台 | I26: 1 | J26: 2010-11-30 | K26: 2010-11-30 | L26: 2500 | M26: 2083.2 | N26: =L26-M26 -> 416.8 | O26: 35 | Q26: =O26 -> 35 | R26: 35 | S26: =Q26-N26 -> -382 | T26: =IF(N26=0,"",(Q26-N26)/(N26)) -> -0.916
A27: 201 | C27: 302013000001039 | D27: 302013000001039 | E27: 000023640 | F27: 针式打印机 | H27: 台 | I27: 1 | J27: 2010-11-30 | K27: 2010-11-30 | L27: 2500 | M27: 2083.2 | N27: =L27-M27 -> 416.8 | O27: 35 | Q27: =O27 -> 35 | R27: 35 | S27: =Q27-N27 -> -382 | T27: =IF(N27=0,"",(Q27-N27)/(N27)) -> -0.916
A28: 214 | C28: 302013000001051 | D28: 302013000001051 | E28: 000023897 | F28: 针式打印机 | H28: 台 | I28: 1 | J28: 2011-03-31 | K28: 2011-03-31 | L28: 2860 | M28: 2383.2 | N28: =L28-M28 -> 476.8 | O28: 35 | Q28: =O28 -> 35 | R28: 35 | S28: =Q28-N28 -> -442 | T28: =IF(N28=0,"",(Q28-N28)/(N28)) -> -0.9266
A29: 213 | C29: 302013000001052 | D29: 302013000001052 | E29: 000023899 | F29: 针式打印机 | H29: 台 | I29: 1 | J29: 2011-03-31 | K29: 2011-03-31 | L29: 2860 | M29: 2383.2 | N29: =L29-M29 -> 476.8 | O29: 35 | Q29: =O29 -> 35 | R29: 35 | S29: =Q29-N29 -> -442 | T29: =IF(N29=0,"",(Q29-N29)/(N29)) -> -0.9266
A30: 215 | C30: 302013000001057 | D30: 302013000001057 | E30: 000024173 | F30: 针式打印机 | H30: 台 | I30: 1 | J30: 2011-10-31 | K30: 2011-10-31 | L30: 2900 | M30: 2416.8 | N30: =L30-M30 -> 483.2 | O30: 35 | Q30: =O30 -> 35 | R30: 35 | S30: =Q30-N30 -> -448 | T30: =IF(N30=0,"",(Q30-N30)/(N30)) -> -0.9276
A31: 633 | C31: 302013000001098 | D31: 302013000001098 | E31: 000012266 | F31: 圆形会议桌 | H31: 套 | I31: 1 | J31: 1999-01-01 | K31: 1999-01-01 | L31: 5300 | M31: 1766.4 | N31: =L31-M31 -> 3533.6 | O31: 0 | Q31: =O31 -> 0 | R31: 0 | S31: =Q31-N31 -> -3534 | T31: =IF(N31=0,"",(Q31-N31)/(N31)) -> -1
A32: 124 | C32: 302013000001201 | D32: 302013000001201 | E32: 000013209 | F32: 医保服务器（湘财金卫、中国惠普） | G32: 惠普 | H32: 台 | I32: 1 | J32: 2006-09-30 | K32: 2006-09-30 | L32: 34040.34 | M32: 28366.8 | N32: =L32-M32 -> 5673.54 | O32: 82 | Q32: =O32 -> 82 | R32: 82 | S32: =Q32-N32 -> -5592 | T32: =IF(N32=0,"",(Q32-N32)/(N32)) -> -0.9855
A33: 614 | C33: 302013000001494 | D33: 302013000001494 | E33: 000013068 | F33: 雪花冰箱（坏） | H33: 台 | I33: 1 | J33: 2001-01-01 | K33: 2001-01-01 | L33: 1550 | M33: 1550 | N33: =L33-M33 -> 0 | O33: 35 | Q33: =O33 -> 35 | R33: 30 | S33: =Q33-N33 -> 35 | T33: =IF(N33=0,"",(Q33-N33)/(N33))
A34: 640 | C34: 302013000001506 | D34: 302013000001813 | E34: 000019269 | F34: 星港床垫 | H34: 张 | I34: 1 | J34: 2007-07-01 | K34: 2007-07-01 | L34: 1420 | M34: 473.4 | N34: =L34-M34 -> 946.6 | O34: 0 | Q34: =O34 -> 0 | R34: 0 | S34: =Q34-N34 -> -947 | U34: 已灭失
A35: 628 | C35: 302013000001752 | D35: 302013000001850 | E35: 000020683 | F35: 相式胶片密集架 | H35: 套 | I35: 1 | J35: 2008-01-31 | K35: 2008-01-31 | L35: 62474.94 | M35: 20824.8 | N35: =L35-M35 -> 41650.14 | O35: 0 | Q35: =O35 -> 0 | R35: 0 | S35: =Q35-N35 -> -41650 | T35: =IF(N35=0,"",(Q35-N35)/(N35)) -> -1
A36: 723 | C36: 302013000001813 | D36: 302013000001875 | E36: 000012627 | F36: 洗手池 | H36: 套 | I36: 1 | J36: 2003-05-31 | K36: 2003-05-31 | L36: 14399 | M36: 14399 | N36: =L36-M36 -> 0 | O36: 10 | Q36: =O36 -> 10 | R36: 10 | S36: =Q36-N36 -> 10 | T36: =IF(N36=0,"",(Q36-N36)/(N36))
A37: 743 | C37: 302013000001850 | D37: 302013000001935 | E37: 000020522 | F37: 稳压电源 | H37: 套 | I37: 1 | J37: 2008-12-31 | K37: 2008-12-31 | L37: 19080 | M37: 15900 | N37: =L37-M37 -> 3180 | O37: 0 | Q37: =O37 -> 0 | R37: 0 | S37: =Q37-N37 -> -3180 | U37: 已灭失
A38: 87 | C38: 302013000001875 | D38: 302013000002058 | E38: WSQYFDQ-01444 | F38: 微机 | H38: 台 | I38: 1 | J38: 2005-10-01 | K38: 2005-10-01 | L38: 14100 | M38: 11749.8 | N38: =L38-M38 -> 2350.2 | O38: 82 | Q38: =O38 -> 82 | R38: 82 | S38: =Q38-N38 -> -2268 | T38: =IF(N38=0,"",(Q38-N38)/(N38)) -> -0.9651
A39: 98 | C39: 302013000001935 | D39: 302013000002059 | E39: 000024254 | F39: 台式机 | G39: 联想 | H39: 台 | I39: 1 | J39: 2012-01-01 | K39: 2012-01-01 | L39: 1250 | M39: 1041.6 | N39: =L39-M39 -> 208.4 | O39: 82 | Q39: =O39 -> 82 | R39: 82 | S39: =Q39-N39 -> -126 | T39: =IF(N39=0,"",(Q39-N39)/(N39)) -> -0.6065
A40: 741 | C40: 302013000002058 | D40: 302013000002201 | E40: 000013100 | F40: 双门冷柜（转食堂） | H40: 台 | I40: 1 | J40: 2004-08-31 | K40: 2004-08-31 | L40: 4800 | M40: 4800 | N40: =L40-M40 -> 0 | O40: 35 | Q40: =O40 -> 35 | R40: 30 | S40: =Q40-N40 -> 35 | T40: =IF(N40=0,"",(Q40-N40)/(N40))
A41: 611 | C41: 302013000002059 | D41: 302013000002264 | E41: 000022255 | F41: 双鹿冰箱 | H41: 台 | I41: 1 | J41: 2009-08-31 | K41: 2009-08-31 | L41: 1120 | M41: 1120 | N41: =L41-M41 -> 0 | O41: 35 | Q41: =O41 -> 35 | R41: 30 | S41: =Q41-N41 -> 35 | T41: =IF(N41=0,"",(Q41-N41)/(N41))
A42: 740 | C42: 302013000002201 | D42: 302013000002265 | E42: 000013224 | F42: 疏通机 | H42: 台 | I42: 1 | J42: 2001-01-01 | K42: 2001-01-01 | L42: 1850 | M42: 1850 | N42: =L42-M42 -> 0 | O42: 0 | Q42: =O42 -> 0 | R42: 0 | S42: =Q42-N42 -> 0 | T42: =IF(N42=0,"",(Q42-N42)/(N42)) | U42: 已灭失
A43: 622 | C43: 302013000002241 | D43: 302013000002368 | E43: 000012302 | F43: 示教室讲课桌(长沙美邦实业) | H43: 台 | I43: 1 | J43: 2006-09-30 | K43: 2006-09-30 | L43: 1377 | M43: 459 | N43: =L43-M43 -> 918 | O43: 5 | Q43: 0 | R43: 0 | S43: =Q43-N43 -> -918 | T43: =IF(N43=0,"",(Q43-N43)/(N43)) -> -1
A44: 639 | C44: 302013000002244 | D44: 302013000002499 | E44: 000019268 | F44: 实木床 | H44: 张 | I44: 1 | J44: 2007-07-01 | K44: 2007-07-01 | L44: 1380 | M44: 460.2 | N44: =L44-M44 -> 919.8 | O44: 0 | Q44: =O44 -> 0 | R44: 0 | S44: =Q44-N44 -> -920 | U44: 已灭失
A45: 638 | C45: 302013000002264 | D45: 302013000002501 | E45: 000017428 | F45: 升降式防护窗 | H45: 套 | I45: 1 | J45: 2007-12-31 | K45: 2007-12-31 | L45: 8280 | M45: 8280 | N45: =L45-M45 -> 0 | O45: 0 | Q45: =O45 -> 0 | R45: 0 | S45: =Q45-N45 -> 0 | T45: =IF(N45=0,"",(Q45-N45)/(N45)) | U45: 已拆卸
A46: 637 | C46: 302013000002265 | D46: 302013000002544 | E46: 000017429 | F46: 升降式防护窗 | H46: 套 | I46: 1 | J46: 2007-12-31 | K46: 2007-12-31 | L46: 8280 | M46: 8280 | N46: =L46-M46 -> 0 | O46: 0 | Q46: =O46 -> 0 | R46: 0 | S46: =Q46-N46 -> 0 | T46: =IF(N46=0,"",(Q46-N46)/(N46)) | U46: 已拆卸
A47: 711 | C47: 302013000002287 | D47: 302013000002552 | E47: 000020900 | F47: 沙发床 | H47: 套 | I47: 1 | J47: 2008-07-30 | K47: 2008-07-30 | L47: 1200 | M47: 400.2 | N47: =L47-M47 -> 799.8 | O47: 0 | Q47: =O47 -> 0 | R47: 0 | S47: =Q47-N47 -> -800 | U47: 前期已处置
A48: 655 | C48: 302013000002288 | D48: 302013000002554 | E48: 000022394 | F48: 沙发床 | H48: 套 | I48: 1 | J48: 2009-03-31 | K48: 2009-03-31 | L48: 1200 | M48: 400.2 | N48: =L48-M48 -> 799.8 | O48: 0 | Q48: =O48 -> 0 | R48: 0 | S48: =Q48-N48 -> -800 | T48: =IF(N48=0,"",(Q48-N48)/(N48)) -> -1
A49: 710 | C49: 302013000002292 | D49: 302013000002687 | E49: 000019473 | F49: 沙发（三人位） | H49: 套 | I49: 1 | J49: 2007-11-30 | K49: 2007-11-30 | L49: 2050 | M49: 683.4 | N49: =L49-M49 -> 1366.6 | O49: 0 | Q49: =O49 -> 0 | R49: 0 | S49: =Q49-N49 -> -1367 | U49: 前期已处置
A50: 709 | C50: 302013000002293 | D50: 302013000002688 | E50: 000019474 | F50: 沙发（三人位） | H50: 套 | I50: 1 | J50: 2007-11-30 | K50: 2007-11-30 | L50: 2050 | M50: 683.4 | N50: =L50-M50 -> 1366.6 | O50: 0 | Q50: =O50 -> 0 | R50: 0 | S50: =Q50-N50 -> -1367 | U50: 前期已处置
A51: 708 | C51: 302013000002294 | D51: 302013000002689 | E51: 000019475 | F51: 沙发（三人位） | H51: 套 | I51: 1 | J51: 2007-11-30 | K51: 2007-11-30 | L51: 2050 | M51: 683.4 | N51: =L51-M51 -> 1366.6 | O51: 0 | Q51: =O51 -> 0 | R51: 0 | S51: =Q51-N51 -> -1367 | U51: 前期已处置
A52: 707 | C52: 302013000002297 | D52: 302013000002690 | E52: 000012610 | F52: 沙发(长沙美邦实业) | H52: 套 | I52: 1 | J52: 2006-10-18 | K52: 2006-10-18 | L52: 2460 | M52: 820.2 | N52: =L52-M52 -> 1639.8 | O52: 0 | Q52: =O52 -> 0 | R52: 0 | S52: =Q52-N52 -> -1640 | U52: 前期已处置
A53: 706 | C53: 302013000002302 | D53: 302013000002691 | E53: 000019757 | F53: 沙发 | H53: 套 | I53: 1 | J53: 2007-11-30 | K53: 2007-11-30 | L53: 1500 | M53: 499.8 | N53: =L53-M53 -> 1000.2 | O53: 0 | Q53: =O53 -> 0 | R53: 0 | S53: =Q53-N53 -> -1000 | U53: 前期已处置
A54: 705 | C54: 302013000002303 | D54: 302013000002692 | E54: 000019760 | F54: 沙发 | H54: 套 | I54: 1 | J54: 2007-11-30 | K54: 2007-11-30 | L54: 1500 | M54: 499.8 | N54: =L54-M54 -> 1000.2 | O54: 0 | Q54: =O54 -> 0 | R54: 0 | S54: =Q54-N54 -> -1000 | U54: 前期已处置
A55: 652 | C55: 302013000002319 | D55: 302013000002693 | E55: 000024234 | F55: 沙发 | H55: 套 | I55: 1 | J55: 2012-01-01 | K55: 2012-01-01 | L55: 1680 | M55: 559.8 | N55: =L55-M55 -> 1120.2 | O55: 0 | Q55: =O55 -> 0 | R55: 0 | S55: =Q55-N55 -> -1120 | T55: =IF(N55=0,"",(Q55-N55)/(N55)) -> -1
A56: 704 | C56: 302013000002331 | D56: 302013000002694 | E56: 000019768 | F56: 沙发 | H56: 套 | I56: 1 | J56: 2007-12-31 | K56: 2007-12-31 | L56: 3600 | M56: 1200 | N56: =L56-M56 -> 2400 | O56: 0 | Q56: =O56 -> 0 | R56: 0 | S56: =Q56-N56 -> -2400 | U56: 前期已处置
A57: 726 | C57: 302013000002368 | D57: 302013000002695 | E57: 000022239 | F57: 三相离心泵 | H57: 台 | I57: 1 | J57: 2009-03-31 | K57: 2009-03-31 | L57: 2000 | M57: 2000 | N57: =L57-M57 -> 0 | O57: 0 | Q57: =O57 -> 0 | R57: 0 | S57: =Q57-N57 -> 0 | T57: =IF(N57=0,"",(Q57-N57)/(N57)) | U57: 已灭失
A58: 703 | C58: 302013000002407 | D58: 302013000002696 | E58: 000014058 | F58: 三人沙发（西皮）（国泰家具） | H58: 套 | I58: 1 | J58: 2006-09-30 | K58: 2006-09-30 | L58: 1620 | M58: 540 | N58: =L58-M58 -> 1080 | O58: 0 | Q58: =O58 -> 0 | R58: 0 | S58: =Q58-N58 -> -1080 | U58: 前期已处置
A59: 702 | C59: 302013000002408 | D59: 302013000002697 | E59: 000014062 | F59: 三人沙发（西皮）（国泰家具） | H59: 套 | I59: 1 | J59: 2006-09-30 | K59: 2006-09-30 | L59: 1620 | M59: 540 | N59: =L59-M59 -> 1080 | O59: 0 | Q59: =O59 -> 0 | R59: 0 | S59: =Q59-N59 -> -1080 | U59: 前期已处置
A60: 701 | C60: 302013000002409 | D60: 302013000002698 | E60: 000014064 | F60: 三人沙发（西皮）（国泰家具） | H60: 套 | I60: 1 | J60: 2006-09-30 | K60: 2006-09-30 | L60: 1620 | M60: 540 | N60: =L60-M60 -> 1080 | O60: 0 | Q60: =O60 -> 0 | R60: 0 | S60: =Q60-N60 -> -1080 | U60: 前期已处置
A61: 700 | C61: 302013000002410 | D61: 302013000002699 | E61: 000014066 | F61: 三人沙发（西皮）（国泰家具） | H61: 套 | I61: 1 | J61: 2006-09-30 | K61: 2006-09-30 | L61: 1620 | M61: 540 | N61: =L61-M61 -> 1080 | O61: 0 | Q61: =O61 -> 0 | R61: 0 | S61: =Q61-N61 -> -1080 | U61: 前期已处置
A62: 699 | C62: 302013000002411 | D62: 302013000002701 | E62: 000014068 | F62: 三人沙发（西皮）（国泰家具） | H62: 套 | I62: 1 | J62: 2006-09-30 | K62: 2006-09-30 | L62: 1620 | M62: 540 | N62: =L62-M62 -> 1080 | O62: 0 | Q62: =O62 -> 0 | R62: 0 | S62: =Q62-N62 -> -1080 | U62: 前期已处置
A63: 698 | C63: 302013000002412 | D63: 302013000002789 | E63: 000014050 | F63: 三人沙发（西皮）（国泰家具） | H63: 套 | I63: 1 | J63: 2006-09-30 | K63: 2006-09-30 | L63: 1620 | M63: 540 | N63: =L63-M63 -> 1080 | O63: 0 | Q63: =O63 -> 0 | R63: 0 | S63: =Q63-N63 -> -1080 | U63: 前期已处置
A64: 697 | C64: 302013000002413 | D64: 302013000002790 | E64: 000014052 | F64: 三人沙发（西皮）（国泰家具） | H64: 套 | I64: 1 | J64: 2006-09-30 | K64: 2006-09-30 | L64: 1620 | M64: 540 | N64: =L64-M64 -> 1080 | O64: 0 | Q64: =O64 -> 0 | R64: 0 | S64: =Q64-N64 -> -1080 | U64: 前期已处置
A65: 696 | C65: 302013000002414 | D65: 302013000002828 | E65: 000014054 | F65: 三人沙发（西皮）（国泰家具） | H65: 套 | I65: 1 | J65: 2006-09-30 | K65: 2006-09-30 | L65: 1620 | M65: 540 | N65: =L65-M65 -> 1080 | O65: 0 | Q65: =O65 -> 0 | R65: 0 | S65: =Q65-N65 -> -1080 | U65: 前期已处置
A66: 695 | C66: 302013000002415 | D66: 302013000002861 | E66: 000014060 | F66: 三人沙发（西皮）（国泰家具） | H66: 套 | I66: 1 | J66: 2006-09-30 | K66: 2006-09-30 | L66: 1620 | M66: 540 | N66: =L66-M66 -> 1080 | O66: 0 | Q66: =O66 -> 0 | R66: 0 | S66: =Q66-N66 -> -1080 | U66: 前期已处置
A67: 694 | C67: 302013000002416 | D67: 302013000002891 | E67: 000014042 | F67: 三人沙发（西皮）（国泰家具） | H67: 套 | I67: 1 | J67: 2006-09-30 | K67: 2006-09-30 | L67: 1620 | M67: 540 | N67: =L67-M67 -> 1080 | O67: 0 | Q67: =O67 -> 0 | R67: 0 | S67: =Q67-N67 -> -1080 | U67: 前期已处置
A68: 693 | C68: 302013000002417 | D68: 302013000002892 | E68: 000014044 | F68: 三人沙发（西皮）（国泰家具） | H68: 套 | I68: 1 | J68: 2006-09-30 | K68: 2006-09-30 | L68: 1620 | M68: 540 | N68: =L68-M68 -> 1080 | O68: 0 | Q68: =O68 -> 0 | R68: 0 | S68: =Q68-N68 -> -1080 | U68: 前期已处置
A69: 692 | C69: 302013000002418 | D69: 302013000002893 | E69: 000014046 | F69: 三人沙发（西皮）（国泰家具） | H69: 套 | I69: 1 | J69: 2006-09-30 | K69: 2006-09-30 | L69: 1620 | M69: 540 | N69: =L69-M69 -> 1080 | O69: 0 | Q69: =O69 -> 0 | R69: 0 | S69: =Q69-N69 -> -1080 | U69: 前期已处置
... A71: 659 | C71: 302013000002434 | D71: 302013000002899 | E71: 000021121 | F71: 三人沙发 | H71: 套 | I71: 1 | J71: 2008-11-30 | K71: 2008-11-30 | L71: 1400 | M71: 466.8 | N71: =L71-M71 -> 933.2 | O71: 0 | Q71: =O71 -> 0 | R71: 0 | S71: =Q71-N71 -> -933 | U71: 前期已处置
A72: 658 | C72: 302013000002435 | D72: 302013000002931 | E72: 000020674 | F72: 三人沙发 | H72: 套 | I72: 1 | J72: 2008-11-30 | K72: 2008-11-30 | L72: 1400 | M72: 466.8 | N72: =L72-M72 -> 933.2 | O72: 0 | Q72: =O72 -> 0 | R72: 0 | S72: =Q72-N72 -> -933 | T72: =IF(N72=0,"",(Q72-N72)/(N72)) -> -1
A73: 657 | C73: 302013000002436 | D73: 302013000002939 | E73: 000021114 | F73: 三人沙发 | H73: 套 | I73: 1 | J73: 2008-11-30 | K73: 2008-11-30 | L73: 1400 | M73: 466.8 | N73: =L73-M73 -> 933.2 | O73: 0 | Q73: =O73 -> 0 | R73: 0 | S73: =Q73-N73 -> -933 | T73: =IF(N73=0,"",(Q73-N73)/(N73)) -> -1
A74: 690 | C74: 302013000002441 | D74: 302013000002940 | E74: 000014152 | F74: 三人牛沙发（国泰家具） | H74: 套 | I74: 1 | J74: 2006-09-30 | K74: 2006-09-30 | L74: 2160 | M74: 720 | N74: =L74-M74 -> 1440 | O74: 0 | Q74: =O74 -> 0 | R74: 0 | S74: =Q74-N74 -> -1440 | U74: 前期已处置
A75: 689 | C75: 302013000002442 | D75: 302013000002941 | E75: 000014154 | F75: 三人牛沙发（国泰家具） | H75: 套 | I75: 1 | J75: 2006-09-30 | K75: 2006-09-30 | L75: 2160 | M75: 720 | N75: =L75-M75 -> 1440 | O75: 0 | Q75: =O75 -> 0 | R75: 0 | S75: =Q75-N75 -> -1440 | U75: 前期已处置
A76: 688 | C76: 302013000002443 | D76: 302013000002942 | E76: 000014156 | F76: 三人牛沙发（国泰家具） | H76: 套 | I76: 1 | J76: 2006-09-30 | K76: 2006-09-30 | L76: 2160 | M76: 720 | N76: =L76-M76 -> 1440 | O76: 0 | Q76: =O76 -> 0 | R76: 0 | S76: =Q76-N76 -> -1440 | U76: 前期已处置
A77: 687 | C77: 302013000002444 | D77: 302013000002948 | E77: 000014158 | F77: 三人牛沙发（国泰家具） | H77: 套 | I77: 1 | J77: 2006-09-30 | K77: 2006-09-30 | L77: 2160 | M77: 720 | N77: =L77-M77 -> 1440 | O77: 0 | Q77: =O77 -> 0 | R77: 0 | S77: =Q77-N77 -> -1440 | U77: 前期已处置
A78: 686 | C78: 302013000002445 | D78: 302013000002955 | E78: 000014160 | F78: 三人牛沙发（国泰家具） | H78: 套 | I78: 1 | J78: 2006-09-30 | K78: 2006-09-30 | L78: 2160 | M78: 720 | N78: =L78-M78 -> 1440 | O78: 0 | Q78: =O78 -> 0 | R78: 0 | S78: =Q78-N78 -> -1440 | U78: 前期已处置
A79: 685 | C79: 302013000002446 | D79: 302013000002963 | E79: 000014162 | F79: 三人牛沙发（国泰家具） | H79: 套 | I79: 1 | J79: 2006-09-30 | K79: 2006-09-30 | L79: 2160 | M79: 720 | N79: =L79-M79 -> 1440 | O79: 0 | Q79: =O79 -> 0 | R79: 0 | S79: =Q79-N79 -> -1440 | U79: 前期已处置
A80: 684 | C80: 302013000002447 | D80: 302013000002964 | E80: 000014164 | F80: 三人牛沙发（国泰家具） | H80: 套 | I80: 1 | J80: 2006-09-30 | K80: 2006-09-30 | L80: 2160 | M80: 720 | N80: =L80-M80 -> 1440 | O80: 0 | Q80: =O80 -> 0 | R80: 0 | S80: =Q80-N80 -> -1440 | U80: 前期已处置
A81: 683 | C81: 302013000002448 | D81: 302013000002965 | E81: 000014166 | F81: 三人牛沙发（国泰家具） | H81: 套 | I81: 1 | J81: 2006-09-30 | K81: 2006-09-30 | L81: 2160 | M81: 720 | N81: =L81-M81 -> 1440 | O81: 0 | Q81: =O81 -> 0 | R81: 0 | S81: =Q81-N81 -> -1440 | U81: 前期已处置
A82: 682 | C82: 302013000002449 | D82: 302013000002968 | E82: 000014168 | F82: 三人牛沙发（国泰家具） | H82: 套 | I82: 1 | J82: 2006-09-30 | K82: 2006-09-30 | L82: 2160 | M82: 720 | N82: =L82-M82 -> 1440 | O82: 0 | Q82: =O82 -> 0 | R82: 0 | S82: =Q82-N82 -> -1440 | U82: 前期已处置
A83: 681 | C83: 302013000002450 | D83: 302013000002991 | E83: 000014170 | F83: 三人牛沙发（国泰家具） | H83: 套 | I83: 1 | J83: 2006-09-30 | K83: 2006-09-30 | L83: 2160 | M83: 720 | N83: =L83-M83 -> 1440 | O83: 0 | Q83: =O83 -> 0 | R83: 0 | S83: =Q83-N83 -> -1440 | U83: 前期已处置
A84: 680 | C84: 302013000002451 | D84: 302013000002996 | E84: 000014172 | F84: 三人牛沙发（国泰家具） | H84: 套 | I84: 1 | J84: 2006-09-30 | K84: 2006-09-30 | L84: 2160 | M84: 720 | N84: =L84-M84 -> 1440 | O84: 0 | Q84: =O84 -> 0 | R84: 0 | S84: =Q84-N84 -> -1440 | U84: 前期已处置
A85: 679 | C85: 302013000002452 | D85: 302013000003000 | E85: 000014174 | F85: 三人牛沙发（国泰家具） | H85: 套 | I85: 1 | J85: 2006-09-30 | K85: 2006-09-30 | L85: 2160 | M85: 720 | N85: =L85-M85 -> 1440 | O85: 0 | Q85: =O85 -> 0 | R85: 0 | S85: =Q85-N85 -> -1440 | U85: 前期已处置
... A95: 669 | C95: 302013000002462 | D95: 302013000003207 | E95: 000014194 | F95: 三人牛沙发（国泰家具） | H95: 套 | I95: 1 | J95: 2006-09-30 | K95: 2006-09-30 | L95: 2160 | M95: 720 | N95: =L95-M95 -> 1440 | O95: 0 | Q95: =O95 -> 0 | R95: 0 | S95: =Q95-N95 -> -1440 | U95: 前期已处置
A96: 618 | C96: 302013000002499 | D96: 302013000003208 | E96: 000020398 | F96: 热水器 | H96: 台 | I96: 1 | J96: 2008-09-30 | K96: 2008-09-30 | L96: 1480 | M96: 1480 | N96: =L96-M96 -> 0 | O96: 5 | Q96: =O96 -> 5 | R96: 5 | S96: =Q96-N96 -> 5 | T96: =IF(N96=0,"",(Q96-N96)/(N96))
A97: 619 | C97: 302013000002501 | D97: 302013000003209 | E97: 000020399 | F97: 热水器 | H97: 台 | I97: 1 | J97: 2008-09-30 | K97: 2008-09-30 | L97: 1790 | M97: 1790 | N97: =L97-M97 -> 0 | O97: 5 | Q97: =O97 -> 5 | R97: 5 | S97: =Q97-N97 -> 5 | T97: =IF(N97=0,"",(Q97-N97)/(N97))
A98: 621 | C98: 302013000002530 | D98: 302013000003319 | E98: 000013658 | F98: 全自动麻将桌椅一套（芙蓉区民乐钢木家具店） | H98: 套 | I98: 1 | J98: 2006-09-30 | K98: 2006-09-30 | L98: 3240 | M98: 1080 | N98: =L98-M98 -> 2160 | O98: 10 | Q98: 0 | R98: 0 | S98: =Q98-N98 -> -2160 | T98: =IF(N98=0,"",(Q98-N98)/(N98)) -> -1
A99: 722 | C99: 302013000002544 | D99: 302013000003320 | E99: 000013124 | F99: 去湿机（HD-838D） | H99: 台 | I99: 1 | J99: 2004-11-30 | K99: 2004-11-30 | L99: 2750 | M99: 2750 | N99: =L99-M99 -> 0 | O99: 10 | Q99: =O99 -> 10 | R99: 10 | S99: =Q99-N99 -> 10 | T99: =IF(N99=0,"",(Q99-N99)/(N99))
A100: 721 | C100: 302013000002552 | D100: 302013000003321 | E100: 000013024 | F100: 切肉机* | H100: 套 | I100: 1 | J100: 2001-01-01 | K100: 2001-01-01 | L100: 1600 | M100: 1600 | N100: =L100-M100 -> 0 | O100: 0 | Q100: =O100 -> 0 | R100: 0 | S100: =Q100-N100 -> 0 | T100: =IF(N100=0,"",(Q100-N100)/(N100)) | U100: 已灭失
A101: 720 | C101: 302013000002554 | D101: 302013000003322 | E101: 000012146 | F101: 切片柜 | H101: 套 | I101: 1 | J101: 1999-01-01 | K101: 1999-01-01 | L101: 1000 | M101: 333.6 | N101: =L101-M101 -> 666.4 | O101: 10 | Q101: =O101 -> 10 | R101: 10 | S101: =Q101-N101 -> -656 | T101: =IF(N101=0,"",(Q101-N101)/(N101)) -> -0.985
A102: 112 | C102: 302013000002687 | D102: 302013000003323 | E102: 000013249 | F102: 普通办公工作站（湘财金卫、中国清华同方） | G102: 同方 | H102: 台 | I102: 1 | J102: 2006-09-30 | K102: 2006-09-30 | L102: 4569.17 | M102: 3807.6 | N102: =L102-M102 -> 761.57 | O102: 82 | Q102: =O102 -> 82 | R102: 82 | S102: =Q102-N102 -> -680 | T102: =IF(N102=0,"",(Q102-N102)/(N102)) -> -0.8923
A103: 111 | C103: 302013000002688 | D103: 302013000003324 | E103: 000013257 | F103: 普通办公工作站（湘财金卫、中国清华同方） | G103: 同方 | H103: 台 | I103: 1 | J103: 2006-09-30 | K103: 2006-09-30 | L103: 4569.17 | M103: 3807.6 | N103: =L103-M103 -> 761.57 | O103: 82 | Q103: =O103 -> 82 | R103: 82 | S103: =Q103-N103 -> -680 | T103: =IF(N103=0,"",(Q103-N103)/(N103)) -> -0.8923
A104: 110 | C104: 302013000002689 | D104: 302013000003325 | E104: 000013265 | F104: 普通办公工作站（湘财金卫、中国清华同方） | G104: 同方 | H104: 台 | I104: 1 | J104: 2006-09-30 | K104: 2006-09-30 | L104: 4569.17 | M104: 3807.6 | N104: =L104-M104 -> 761.57 | O104: 82 | Q104: =O104 -> 82 | R104: 82 | S104: =Q104-N104 -> -680 | T104: =IF(N104=0,"",(Q104-N104)/(N104)) -> -0.8923
A105: 109 | C105: 302013000002690 | D105: 302013000003326 | E105: 000013273 | F105: 普通办公工作站（湘财金卫、中国清华同方） | G105: 同方 | H105: 台 | I105: 1 | J105: 2006-09-30 | K105: 2006-09-30 | L105: 4569.17 | M105: 3807.6 | N105: =L105-M105 -> 761.57 | O105: 82 | Q105: =O105 -> 82 | R105: 82 | S105: =Q105-N105 -> -680 | T105: =IF(N105=0,"",(Q105-N105)/(N105)) -> -0.8923
A106: 108 | C106: 302013000002691 | D106: 302013000003333 | E106: 000013281 | F106: 普通办公工作站（湘财金卫、中国清华同方） | G106: 同方 | H106: 台 | I106: 1 | J106: 2006-09-30 | K106: 2006-09-30 | L106: 4569.17 | M106: 3807.6 | N106: =L106-M106 -> 761.57 | O106: 82 | Q106: =O106 -> 82 | R106: 82 | S106: =Q106-N106 -> -680 | T106: =IF(N106=0,"",(Q106-N106)/(N106)) -> -0.8923
A107: 107 | C107: 302013000002692 | D107: 302013000003334 | E107: 000013289 | F107: 普通办公工作站（湘财金卫、中国清华同方） | G107: 同方 | H107: 台 | I107: 1 | J107: 2006-09-30 | K107: 2006-09-30 | L107: 4569.17 | M107: 3807.6 | N107: =L107-M107 -> 761.57 | O107: 82 | Q107: =O107 -> 82 | R107: 82 | S107: =Q107-N107 -> -680 | T107: =IF(N107=0,"",(Q107-N107)/(N107)) -> -0.8923
A108: 106 | C108: 302013000002693 | D108: 302013000003335 | E108: 000013297 | F108: 普通办公工作站（湘财金卫、中国清华同方） | G108: 同方 | H108: 台 | I108: 1 | J108: 2006-09-30 | K108: 2006-09-30 | L108: 4569.17 | M108: 3807.6 | N108: =L108-M108 -> 761.57 | O108: 82 | Q108: =O108 -> 82 | R108: 82 | S108: =Q108-N108 -> -680 | T108: =IF(N108=0,"",(Q108-N108)/(N108)) -> -0.8923
A109: 105 | C109: 302013000002694 | D109: 302013000003336 | E109: 000013245 | F109: 普通办公工作站（湘财金卫、中国清华同方） | G109: 同方 | H109: 台 | I109: 1 | J109: 2006-09-30 | K109: 2006-09-30 | L109: 4569.17 | M109: 3807.6 | N109: =L109-M109 -> 761.57 | O109: 82 | Q109: =O109 -> 82 | R109: 82 | S109: =Q109-N109 -> -680 | T109: =IF(N109=0,"",(Q109-N109)/(N109)) -> -0.8923
A110: 104 | C110: 302013000002695 | D110: 302013000003337 | E110: 000013253 | F110: 普通办公工作站（湘财金卫、中国清华同方） | G110: 同方 | H110: 台 | I110: 1 | J110: 2006-09-30 | K110: 2006-09-30 | L110: 4569.17 | M110: 3807.6 | N110: =L110-M110 -> 761.57 | O110: 82 | Q110: =O110 -> 82 | R110: 82 | S110: =Q110-N110 -> -680 | T110: =IF(N110=0,"",(Q110-N110)/(N110)) -> -0.8923
...

Sheet 房屋建筑物
A1: 固定资产—房屋建筑物评估明细表
A2: 评估基准日：2021年03月30日
O3: 表4-6-1
A4: 被评估单位：长沙市第一医院（长沙市传染病医院、长沙市公共卫生救治中心） | N4: 金额单位：人民币元
A5: 序号 | B5: 财政资产编号 | C5: 卡片编号 | D5: 建筑物名称 | E5: 结构 | F5: 建成年月 | G5: 层数 | H5: 建筑面积（平方米） | I5: 启用日期 | J5: 入账日期 | K5: 账面价值 | N5: 评估价值 | O5: 备注
K6: 原值 | L6: 累计折旧 | M6: 净值 | N6: 净值 | Q6: 1
A7: 1 | B7: 302008000000660 | D7: 北院二病区二病室维修工程 | F7: 2015-06-29 | G7: 1 | I7: 2015-06-29 | J7: 2015-06-29 | K7: 314709.22 | L7: =K7-M7 -> 60319.11 | M7: 254390.11 | N7: 0 | O7: 与消化楼一起评估，改扩建、报废拆除 | Q7: =N7-O7 -> #VALUE! | R7: 1.323
A8: 2 | B8: 302008000000661 | D8: 北院CT,DR室装修工程拆除 | E8: 混合 | F8: 2015-06-29 | G8: 1 | H8: 350 | I8: 2015-06-29 | J8: 2015-06-29 | K8: 20502.62 | L8: =K8-M8 -> 3929.55 | M8: 16573.07 | N8: =350*17.53 -> 6135.5 | O8: 改扩建、报废拆除 | Q8: =N8-O8 -> #VALUE! | R8: 6.75
A9: 3 | B9: 302008000000662 | D9: 北院CT,DR室装修工程土建 | E9: 混合 | F9: 2015-06-29 | G9: 1 | I9: 2015-06-29 | J9: 2015-06-29 | K9: 299306.54 | L9: =K9-M9 -> 57367.29 | M9: 241939.25 | Q9: =N9-O9 -> 0
A10: 4 | B10: 302008000000663 | D10: 北院CT,DR室装修工程安装 | E10: 混合 | F10: 2015-06-29 | G10: 1 | I10: 2015-06-29 | J10: 2015-06-29 | K10: 272388.73 | L10: =K10-M10 -> 52207.99 | M10: 220180.74 | Q10: =N10-O10 -> 0
A11: 5 | B11: 302008000011776 | D11: 呼吸楼 | E11: 混合 | F11: 2016-08-31 | G11: 1-3/3 | H11: 2918 | I11: 2016-08-31 | J11: 2016-08-31 | K11: 20876534 | L11: =K11-M11 -> 3189470.4 | M11: 17687064 | N11: =H11*17.53 -> 51152.54
A12: 6 | B12: 302008000011777 | D12: 消化楼 | E12: 混合 | F12: 2016-08-31 | G12: 1-4/4 | H12: 4696 | I12: 2016-08-31 | J12: 2016-08-31 | K12: 17381333 | L12: =K12-M12 -> 2655481.4 | M12: 14725852 | N12: =H12*17.53 -> 82320.88 | S12: 17.53
A13: 7 | B13: 302008000011778 | D13: 生活楼 | E13: 混合 | F13: 2016-08-31 | G13: 1-4/4 | H13: 6800 | I13: 2016-08-31 | J13: 2016-08-31 | K13: 23993295 | L13: =K13-M13 -> 3665642.2 | M13: 20327653 | N13: =H13*17.53 -> 119204
A15: 合计 | G15: =SUM(G7:G14) -> 4 | H15: =SUM(H7:H14) -> 14764 | K15: =SUM(K7:K14) -> 63158069 | L15: =SUM(L7:L14) -> 9684417.9 | M15: =SUM(M7:M14) -> 53473651 | N15: =SUM(N7:N14) -> 258812.92 | Q15: =SUBTOTAL(9,Q6:Q14) -> #VALUE! | R15: =N15-O15 -> 258812.92
A16: 评估单位：湖南恒基资产评估有限公司 | K16: 评估人员：李力、欧光顺
H18: =0.8/0.9 -> 0.89
H20: =14000*0.8*0.75 -> 8400
H21: =H20*1.323*3 -> 33339.6
H22: =5400+5000+3000 -> 13400
H23: =H21-H22 -> 19939.6

Sheet 附件清单146项固定资产
A1: 附件清单：146项固定资产
A2: 产权持有人：长沙市排水有限责任公司 | N2: 金额单位：人民币元
A3: 序号 | B3: 设备编码 | C3: 设备名称 | D3: 使用单位 | E3: 规格型号 | F3: 状态 | G3: 计量单位 | H3: 数量 | I3: 购置日期 | J3: 启用日期 | K3: 账面价值 | M3: 评估价值 | N3: 备注
K4: 原值 | L4: 净值
A5: 1 | B5: 15020117000149 | C5: 台式电脑 | D5: 本部 | E5: 联想启天M4500 | F5: 到期报废 | G5: 台 | H5: 1 | I5: 42704 | J5: 42704 | K5: 3410.26 | L5: 136.41 | M5: 100
A6: 2 | B6: 15020116000318 | C6: 电脑 | D6: 本部 | E6: 扬天M4200F | F6: 到期报废 | G6: 台 | H6: 1 | I6: 42704 | J6: 42704 | K6: 3162.39 | L6: 126.5 | M6: 100
A7: 3 | B7: 15020116000290 | C7: 电脑 | D7: 本部 | E7: 联想M7300 | F7: 到期报废 | G7: 台 | H7: 1 | I7: 41152 | J7: 41152 | K7: 4100 | L7: 164 | M7: 100
A8: 4 | B8: 15020216000162 | C8: 复印打印机 | D8: 本部 | E8: HP 1108 | F8: 到期报废 | G8: 台 | H8: 1 | I8: 41912 | J8: 41912 | K8: 870 | L8: 34.8 | M8: 30
A9: 5 | B9: 15020118000048 | C9: 笔记本电脑 | D9: 本部 | E9: DELL | F9: 到期报废 | G9: 台 | H9: 1 | I9: 43190 | J9: 43190 | K9: 4273.5 | L9: 170.94 | M9: 100
A10: 6 | B10: 15020116000294 | C10: 笔记本电脑 | D10: 本部 | E10: 宏基笔记本电脑 | F10: 到期报废 | G10: 台 | H10: 1 | I10: 41362 | J10: 41362 | K10: 3952 | L10: 158.08 | M10: 100
A11: 7 | B11: 15020116000303 | C11: 笔记本电脑 | D11: 本部 | E11: N75YI267 | F11: 到期报废 | G11: 台 | H11: 1 | I11: 42216 | J11: 42216 | K11: 9300 | L11: 372 | M11: 100
A12: 8 | B12: 15020116000299 | C12: 电脑 | D12: 本部 | E12: 联想R4900 | F12: 到期报废 | G12: 台 | H12: 1 | I12: 41997 | J12: 41997 | K12: 3700 | L12: 148 | M12: 100
A13: 9 | B13: 15020116000309 | C13: 电脑 | D13: 本部 | E13: 联想M4200 | F13: 到期报废 | G13: 台 | H13: 1 | I13: 42395 | J13: 42395 | K13: 3162.39 | L13: 126.5 | M13: 100
A14: 10 | B14: 15020216000166 | C14: 复印打印机 | D14: 本部 | E14: hp p1108 | F14: 到期报废 | G14: 台 | H14: 1 | I14: 42212 | J14: 42212 | K14: 870 | L14: 34.8 | M14: 30
A15: 11 | B15: 15020116000510 | C15: 电脑 | D15: 本部 | E15: 启天M4500 | F15: 到期报废 | G15: 台 | H15: 1 | I15: 42642 | J15: 42642 | K15: 3376.07 | L15: 135.04 | M15: 100
A16: 12 | B16: 15020517000056 | C16: 尼康照相机 | D16: 本部 | E16: D7200 | F16: 到期报废 | G16: 台 | H16: 1 | I16: 43069 | J16: 43069 | K16: 8544.44 | L16: 341.78 | M16: 20
... A23: 19 | B23: 14020417000005 | C23: 手提式压力蒸汽灭菌器 | D23: 长善垸水质净化厂 | E23: YX-280D | F23: 到期报废 | G23: 台 | H23: 1 | I23: 43088 | J23: 43088 | K23: 6990.29 | L23: 279.61 | M23: 156
A24: 20 | B24: 15010116000166 | C24: 大圆桌 | D24: 长善垸水质净化厂 | E24: 常规 | F24: 到期报废 | G24: 台 | H24: 1 | I24: 42063 | J24: 42063 | K24: 1168 | L24: 0 | M24: 0 | N24: 木制
A25: 21 | B25: 14020417000001 | C25: 手提式压力蒸汽灭菌器 | D25: 长善垸水质净化厂 | E25: DSX-280KB30 | F25: 到期报废 | G25: 台 | H25: 1 | I25: 42734 | J25: 42734 | K25: 6990.29 | L25: 279.61 | M25: 156
A26: 22 | B26: 14010321000017 | C26: 氨氮检测仪 | D26: 长善垸水质净化厂 | E26: 2512212+AC0150004 | F26: 到期报废 | G26: 台 | H26: 1 | I26: 42704 | J26: 42704 | K26: 244608.88 | L26: 9784.36 | M26: 24
A27: 23 | B27: 14010321000018 | C27: 氨氮检测仪 | D27: 长善垸水质净化厂 | E27: 2512212+AC0150004 | F27: 到期报废 | G27: 台 | H27: 1 | I27: 42704 | J27: 42704 | K27: 244608.88 | L27: 9784.36 | M27: 24
A28: 24 | B28: 15030421000237 | C28: 格力空调14 | D28: 长善垸水质净化厂 | E28: KFR-120LW/5P | F28: 到期报废 | G28: 台 | H28: 1 | I28: 42704 | J28: 42704 | K28: 11480 | L28: 459.2 | M28: 1450
A29: 25 | B29: 15030416000747 | C29: 美的空调 | D29: 长善垸水质净化厂 | E29: 美的KFR-72LW/DY | F29: 到期报废 | G29: 台 | H29: 1 | I29: 42063 | J29: 42063 | K29: 6580 | L29: 263.2 | M29: 1450
A30: 26 | B30: 14010121000015 | C30: COD检测仪 | D30: 长善垸水质净化厂 | E30: 9302700+LCW420+CYQ-002B | F30: 到期报废 | G30: 台 | H30: 1 | I30: 42704 | J30: 42704 | K30: 239412.93 | L30: 9576.52 | M30: 11
A31: 27 | B31: 14011318000001 | C31: 数据采集器 | D31: 长善垸水质净化厂 | E31: QSC00002400 | F31: 到期报废 | G31: 台 | H31: 1 | I31: 43279 | J31: 43279 | K31: 10344.83 | L31: 413.79 | M31: 10
A32: 28 | B32: 02010121000272 | C32: 潜水排污泵7 | D32: 长善垸水质净化厂 | E32: Q=301L/s,H=22,N=90kw | F32: 提前报废 | G32: 台 | H32: 1 | I32: 42704 | J32: 42704 | K32: 120600.23 | L32: 21225.69 | M32: 144
A33: 29 | B33: 02010121000273 | C33: 潜水排污泵8 | D33: 长善垸水质净化厂 | E33: Q=301L/s,H=22,N=90kw | F33: 提前报废 | G33: 台 | H33: 1 | I33: 42704 | J33: 42704 | K33: 120600.23 | L33: 21225.69 | M33: 144
A34: 30 | B34: 09150117000004 | C34: 螺旋式砂水分离器-3 | D34: 花桥水质净化厂 | E34: SF320 | F34: 到期报废 | G34: 台 | H34: 1 | I34: 2011-01-01 | J34: 2011-01-01 | K34: 108865.93 | L34: 4354.64 | M34: 1640
A35: 31 | B35: 02010117000030 | C35: 螺旋叶轮潜水离心泵-2 | D35: 花桥水质净化厂 | E35: Q=309L/s,H=6m | F35: 到期报废 | G35: 台 | H35: 1 | I35: 2011-01-01 | J35: 2011-01-01 | K35: 371519.33 | L35: 14860.77 | M35: 1724
A36: 32 | B36: 09150119000003 | C36: 螺旋压榨机 | D36: 花桥水质净化厂 | E36: YCJ300 | F36: 到期报废 | G36: 台 | H36: 1 | I36: 2011-01-01 | J36: 2011-01-01 | K36: 82373.63 | L36: 3294.95 | M36: 2460
A37: 33 | B37: 15020219000001 | C37: 打印机 | D37: 花桥水质净化厂 | F37: 到期报废 | G37: 台 | H37: 1 | I37: 2011-01-01 | J37: 2011-01-01 | K37: 13039.75 | L37: 521.59 | M37: 300
A38: 34 | B38: 15020219000002 | C38: A3黑白激光打印机 | D38: 花桥水质净化厂 | F38: 到期报废 | G38: 台 | H38: 1 | I38: 2011-01-01 | J38: 2011-01-01 | K38: 13453.23 | L38: 538.13 | M38: 300
A39: 35 | B39: 15020217000034 | C39: 复印机 | D39: 花桥水质净化厂 | F39: 到期报废 | G39: 台 | H39: 1 | I39: 2015-07-21 | J39: 2015-07-21 | K39: 9990 | L39: 299.7 | M39: 120
A40: 36 | B40: 15030417000084 | C40: 柜机空调（脱水机房） | D40: 新开铺水质净化厂 | E40: KFR-72LW/E1(72568L1)AA1-N1 | F40: 到期报废 | G40: 台 | H40: 1 | I40: 40786 | J40: 40786 | K40: 6950 | L40: 208.5 | M40: 1450
A41: 37 | B41: 15020117000100 | C41: 台式电脑（财务） | D41: 新开铺水质净化厂 | E41: optiplex 330 | F41: 到期报废 | G41: 台 | H41: 1 | I41: 39994 | J41: 39994 | K41: 7688.63 | L41: 230.66 | M41: 100
A42: 38 | B42: 09031817000001 | C42: 兆欧表 | D42: 新开铺水质净化厂 | E42: 1508 | F42: 到期报废 | G42: 台 | H42: 1 | I42: 39994 | J42: 39994 | K42: 17052 | L42: 511.56 | M42: 1
A43: 39 | B43: 15030417000054 | C43: 柜机空调（二期1#配电间高压室） | D43: 新开铺水质净化厂 | E43: KFR-50LW | F43: 到期报废 | G43: 台 | H43: 1 | I43: 40056 | J43: 40056 | K43: 2800 | L43: 84 | M43: 900
A44: 40 | B44: 15020117000112 | C44: 笔记本电脑（202） | D44: 新开铺水质净化厂 | E44: Think Pad E455 | F44: 到期报废 | G44: 台 | H44: 1 | I44: 42276 | J44: 42276 | K44: 4680 | L44: 140.4 | M44: 100
A45: 41 | B45: 02020619000022 | C45: 玻璃钢屋顶风机1 | D45: 新开铺水质净化厂 | E45: WT35型风机7.1井 | F45: 到期报废 | G45: 台 | H45: 1 | I45: 40544 | J45: 40544 | K45: 6422.84 | L45: 256.91 | M45: 0 | N45: 塑料
A46: 42 | B46: 02020619000023 | C46: 玻璃钢屋顶风机2 | D46: 新开铺水质净化厂 | E46: WT35型风机7.1井 | F46: 到期报废 | G46: 台 | H46: 1 | I46: 40544 | J46: 40544 | K46: 6422.84 | L46: 256.91 | M46: 0 | N46: 塑料
A47: 43 | B47: 02020619000024 | C47: 玻璃钢屋顶风机3 | D47: 新开铺水质净化厂 | E47: WT35型风机7.1井 | F47: 到期报废 | G47: 台 | H47: 1 | I47: 40544 | J47: 40544 | K47: 6422.84 | L47: 256.91 | M47: 0 | N47: 塑料
A48: 44 | B48: 02020619000025 | C48: 玻璃钢屋顶风机4 | D48: 新开铺水质净化厂 | E48: WT35型风机7.1井 | F48: 到期报废 | G48: 台 | H48: 1 | I48: 40544 | J48: 40544 | K48: 6422.84 | L48: 256.91 | M48: 0 | N48: 塑料
A49: 45 | B49: 09070119000001 | C49: 脱水机房絮凝剂制备设备 | D49: 新开铺水质净化厂 | E49: 提升高度: 9.5m | F49: 到期报废 | G49: 台 | H49: 1 | I49: 40544 | J49: 40544 | K49: 606395.06 | L49: 24255.8 | M49: 486
A50: 46 | B50: 02010119000055 | C50: 1#内回流泵 | D50: 新开铺水质净化厂 | E50: 5X10 | F50: 到期报废 | G50: 台 | H50: 1 | I50: 40544 | J50: 40544 | K50: 912978.79 | L50: 36519.15 | M50: 6897
A51: 47 | B51: 02010119000056 | C51: 2#内回流泵 | D51: 新开铺水质净化厂 | E51: 5X10 | F51: 到期报废 | G51: 台 | H51: 1 | I51: 40544 | J51: 40544 | K51: 912978.79 | L51: 36519.15 | M51: 6897
A52: 48 | B52: 02010119000057 | C52: 3#内回流泵 | D52: 新开铺水质净化厂 | E52: 5X10 | F52: 到期报废 | G52: 台 | H52: 1 | I52: 40544 | J52: 40544 | K52: 912978.79 | L52: 36519.15 | M52: 6897
A53: 49 | B53: 02010119000058 | C53: 4#内回流泵 | D53: 新开铺水质净化厂 | E53: 5X10 | F53: 到期报废 | G53: 台 | H53: 1 | I53: 40544 | J53: 40544 | K53: 912978.79 | L53: 36519.15 | M53: 6897
A54: 50 | B54: 14011119000004 | C54: 2#生物SS浓度计 | D54: 新开铺水质净化厂 | E54: 0~10g/L、TxPro-2+RD-240 | F54: 到期报废 | G54: 台 | H54: 1 | I54: 40544 | J54: 40544 | K54: 64970.22 | L54: 2598.81 | M54: 2
A55: 51 | B55: 12010119000002 | C55: 1#配电间自控系统PLC柜 | D55: 新开铺水质净化厂 | E55: 6ES74174HT140AB0 | F55: 到期报废 | G55: 台 | H55: 1 | I55: 40544 | J55: 40544 | K55: 1768855.5 | L55: 70754.22 | M55: 575
A56: 52 | B56: 02010119000076 | C56: 3#潜水污水泵 | D56: 新开铺水质净化厂 | E56: NP3153.181LT | F56: 到期报废 | G56: 台 | H56: 1 | I56: 40544 | J56: 40544 | K56: 290091.82 | L56: 11603.67 | M56: 172
A57: 53 | B57: 03020219000009 | C57: 螺旋压榨机 | D57: 新开铺水质净化厂 | E57: YCJ260 | F57: 到期报废 | G57: 台 | H57: 1 | I57: 40544 | J57: 40544 | K57: 156833.31 | L57: 6273.33 | M57: 480
A58: 54 | B58: 15030417000066 | C58: 空调（113） | D58: 新开铺水质净化厂 | E58: KFR-50GW | F58: 到期报废 | G58: 台 | H58: 1 | I58: 40574 | J58: 40574 | K58: 1750 | L58: 52.5 | M58: 500
A59: 55 | B59: 14010921000007 | C59: 浊度仪1 | D59: 新开铺水质净化厂 | E59: DN150分体式PN10 | F59: 到期报废 | G59: 台 | H59: 1 | I59: 42737 | J59: 42737 | K59: 88712.99 | L59: 3548.52 | M59: 5
A60: 56 | B60: 15020121000065 | C60: 监控计算机1 | D60: 新开铺水质净化厂 | E60: 610H | F60: 到期报废 | G60: 台 | H60: 1 | I60: 42737 | J60: 42737 | K60: 9467.58 | L60: 378.7 | M60: 40
... A75: 71 | B75: 02010119000048 | C75: 2#进水泵 | D75: 新开铺水质净化厂 | E75: 75KW | F75: 提前报废 | G75: 台 | H75: 1 | I75: 40544 | J75: 40544 | K75: 505766.42 | L75: 21563.99 | M75: 2012
A76: 72 | B76: 15010121000306 | C76: 办公椅（204） | D76: 新开铺水质净化厂 | E76: 常规 | F76: 提前报废 | G76: 台 | H76: 1 | I76: 2021-09-01 | J76: 2021-09-01 | K76: 318.58 | L76: 127.35 | M76: 0 | N76: 木制
A77: 73 | B77: 15020216001155 | C77: 激光打印机 | D77: 暮云水质净化厂 | E77: HP1108 | F77: 到期报废 | G77: 台 | H77: 1 | I77: 2014-12-31 | J77: 2014-12-31 | K77: 870 | L77: 34.8 | M77: 30
A78: 74 | B78: 15020116002217 | C78: 联想品牌电脑 | D78: 暮云水质净化厂 | E78: 扬天M4200 | F78: 到期报废 | G78: 台 | H78: 1 | I78: 2014-12-31 | J78: 2014-12-31 | K78: 3700 | L78: 148 | M78: 100
A79: 75 | B79: 15020116002220 | C79: 联想品牌电脑 | D79: 暮云水质净化厂 | E79: 扬天M4200 | F79: 到期报废 | G79: 台 | H79: 1 | I79: 2014-12-31 | J79: 2014-12-31 | K79: 3700 | L79: 148 | M79: 100
A80: 76 | B80: 15020116002224 | C80: 联想品牌电脑 | D80: 暮云水质净化厂 | E80: 扬天M4200 | F80: 到期报废 | G80: 台 | H80: 1 | I80: 2014-12-31 | J80: 2014-12-31 | K80: 3700 | L80: 148 | M80: 100
A81: 77 | B81: 15020116002225 | C81: 联想品牌电脑 | D81: 暮云水质净化厂 | E81: 扬天M4200 | F81: 到期报废 | G81: 台 | H81: 1 | I81: 2014-12-31 | J81: 2014-12-31 | K81: 3700 | L81: 148 | M81: 100
A82: 78 | B82: 15020116002231 | C82: 联想品牌电脑 | D82: 暮云水质净化厂 | E82: 扬天M4200 | F82: 到期报废 | G82: 台 | H82: 1 | I82: 2014-12-31 | J82: 2014-12-31 | K82: 3700 | L82: 148 | M82: 100
A83: 79 | B83: 14010516000014 | C83: 便携式溶氧仪 | D83: 暮云水质净化厂 | E83: HQ30DHQ30D | F83: 到期报废 | G83: 台 | H83: 1 | I83: 2016-12-30 | J83: 2016-12-30 | K83: 13846.15 | L83: 553.85 | M83: 1
A84: 80 | B84: 14010516000013 | C84: 便携式溶氧仪 | D84: 暮云水质净化厂 | E84: HQ30DHQ30D | F84: 到期报废 | G84: 台 | H84: 1 | I84: 2016-12-30 | J84: 2016-12-30 | K84: 4000 | L84: 160 | M84: 1
A85: 81 | B85: 15020216001159 | C85: 彩色喷墨打印机 | D85: 暮云水质净化厂 | E85: 佳能7280 | F85: 到期报废 | G85: 台 | H85: 1 | I85: 2014-12-31 | J85: 2014-12-31 | K85: 950 | L85: 38 | M85: 30
A86: 82 | B86: 15020116002229 | C86: 联想品牌电脑 | D86: 暮云水质净化厂 | E86: 扬天M4200 | F86: 到期报废 | G86: 台 | H86: 1 | I86: 2014-12-31 | J86: 2014-12-31 | K86: 3700 | L86: 148 | M86: 100
A87: 83 | B87: 14011121000018 | C87: 污泥界面分析仪2 | D87: 暮云水质净化厂 | E87: LXV431.99.00002 LXV404.99.00502 | F87: 到期报废 | G87: 台 | H87: 1 | I87: 2015-07-01 | J87: 2015-07-01 | K87: 103484.9 | L87: 4139.4 | M87: 16
A88: 84 | B88: 14011121000020 | C88: 污泥界面分析仪4 | D88: 暮云水质净化厂 | E88: LXV431.99.00002 LXV404.99.00502 | F88: 到期报废 | G88: 台 | H88: 1 | I88: 2015-07-01 | J88: 2015-07-01 | K88: 103484.9 | L88: 4139.4 | M88: 16
... A101: 97 | B101: 02010517000053 | C101: 400m3污水泵 | D101: 暮云水质净化厂 | E101: 上海人民 18.5KW | F101: 提前报废 | G101: 台 | H101: 1 | I101: 2017-12-21 | J101: 2017-12-21 | K101: 22222.22 | L101: 6991.22 | M101: 224
A102: 98 | B102: 02010517000055 | C102: 400m3污水泵附属 | D102: 暮云水质净化厂 | E102: 上海人民18.5KW | F102: 提前报废 | G102: 台 | H102: 1 | I102: 2017-12-21 | J102: 2017-12-21 | K102: 10256.41 | L102: 3226.76 | M102: 0 | N102: 与序号97为一套，塑料管
A103: 99 | B103: 02010517000056 | C103: 200m3/h污水泵附属 | D103: 暮云水质净化厂 | E103: 上海人民11KW | F103: 提前报废 | G103: 台 | H103: 1 | I103: 2017-12-21 | J103: 2017-12-21 | K103: 5128.21 | L103: 1613.3 | M103: 0 | N103: 与序号96为一套，塑料管
A104: 100 | B104: 02010121000124 | C104: 潜水排污泵1 | D104: 暮云水质净化厂 | E104: 50WQII15-8-0.75 Q=15m3/h，H=7m，N=0.75kw | F104: 提前报废 | G104: 台 | H104: 1 | I104: 2015-07-01 | J104: 2015-07-01 | K104: 5032.41 | L104: 241.55 | M104: 29
A105: 101 | B105: 02010121000125 | C105: 潜水排污泵2 | D105: 暮云水质净化厂 | E105: 50WQII15-8-0.75 Q=15m3/h，H=7m，N=0.75kw | F105: 提前报废 | G105: 台 | H105: 1 | I105: 2015-07-01 | J105: 2015-07-01 | K105: 5032.41 | L105: 241.55 | M105: 29
A106: 102 | B106: 02020121000020 | C106: 罗茨风机1 | D106: 暮云水质净化厂 | E106: BR65 Q=4.07m3/min,P=44.1m,N=7.5kw | F106: 提前报废 | G106: 台 | H106: 1 | I106: 2015-07-01 | J106: 2015-07-01 | K106: 33338.32 | L106: 1600.23 | M106: 862
A107: 103 | B107: 02020121000021 | C107: 罗茨风机2 | D107: 暮云水质净化厂 | E107: BR65 Q=4.07m3/min,P=44.1m,N=7.5kw | F107: 提前报废 | G107: 台 | H107: 1 | I107: 2015-07-01 | J107: 2015-07-01 | K107: 33338.32 | L107: 1600.23 | M107: 862
A108: 104 | B108: 06010121000017 | C108: 中心传动单管吸泥机1 | D108: 暮云水质净化厂 | E108: XB-ZCDX-38 ∮=38m, N=0.37Kw 池边水深H=4.5m | F108: 提前报废 | G108: 台 | H108: 1 | I108: 2015-07-01 | J108: 2015-07-01 | K108: 1336691.1 | L108: 64161.17 | M108: 2880
A109: 105 | B109: 07010121000128 | C109: 潜水搅拌器（好氧池）12 | D109: 暮云水质净化厂 | E109: TR221-45-4/8 Ф=2100mm,N=2.5KW | F109: 提前报废 | G109: 台 | H109: 1 | I109: 2015-07-01 | J109: 2015-07-01 | K109: 185990.81 | L109: 63023.78 | M109: 201
A110: 106 | B110: 07010121000130 | C110: 潜水搅拌器（好氧池）14 | D110: 暮云水质净化厂 | E110: TR221-45-4/8 Ф=2100mm,N=2.5KW | F110: 提前报废 | G110: 台 | H110: 1 | I110: 2015-07-01 | J110: 2015-07-01 | K110: 185990.81 | L110: 63023.78 | M110: 201
A111: 107 | B111: 02010121000111 | C111: 潜水排污泵1 | D111: 暮云水质净化厂 | E111: F10K-HLN1+FN030X4-XMSK Q=855m3/h,H=10m,N=45kw | F111: 提前报废 | G111: 台 | H111: 1 | I111: 2015-07-01 | J111: 2015-07-01 | K111: 292829.45 | L111: 99226.47 | M111: 862
A112: 108 | B112: 02010121000112 | C112: 潜水排污泵2 | D112: 暮云水质净化厂 | E112: F10K-HLN1+FN030X4-XMSK Q=855m3/h,H=10m,N=45kw | F112: 提前报废 | G112: 台 | H112: 1 | I112: 2015-07-01 | J112: 2015-07-01 | K112: 292829.45 | L112: 99226.47 | M112: 862
A113: 109 | B113: 11010322000001 | C113: 气体流量计1 | D113: 暮云水质净化厂 | E113: DN600, 6MPA | F113: 提前报废 | G113: 台 | H113: 1 | I113: 2019-11-21 | J113: 2019-11-21 | K113: 37643.79 | L113: 4517.24 | M113: 3
A114: 110 | B114: 11010322000002 | C114: 气体流量计2 | D114: 暮云水质净化厂 | E114: DN600, 6MPA | F114: 提前报废 | G114: 台 | H114: 1 | I114: 2019-11-21 | J114: 2019-11-21 | K114: 37643.79 | L114: 4517.24 | M114: 3
A115: 111 | B115: 11030222000011 | C115: 磁翻板液位计1 | D115: 暮云水质净化厂 | E115: 4-20ma输出，AC220V,分体式，含仪表箱、变送器及保护器 | F115: 提前报废 | G115: 台 | H115: 1 | I115: 2019-11-21 | J115: 2019-11-21 | K115: 6378.53 | L115: 765.41 | M115: 101
... A117: 113 | B117: 06010121000018 | C117: 中心传动单管吸泥机2 | D117: 暮云水质净化厂 | E117: XB-ZCDX-38 ∮=38m, N=0.37Kw 池边水深H=4.5m | F117: 提前报废 | G117: 台 | H117: 1 | I117: 2015-07-01 | J117: 2015-07-01 | K117: 1336691.1 | L117: 64161.17 | M117: 2880
A118: 114 | B118: 14022118000001 | C118: 风冷式COD消解器 | D118: 雨花水质净化厂 | E118: WD-2 | F118: 到期报废 | G118: 台 | H118: 1 | I118: 43220 | J118: 43220 | K118: 3829.06 | L118: 153.16 | M118: 5
A119: 115 | B119: 14020118000003 | C119: 水质自动采样器 | D119: 雨花水质净化厂 | E119: LFLY-DW2004 | F119: 到期报废 | G119: 台 | H119: 1 | I119: 43460 | J119: 43460 | K119: 42022.79 | L119: 1680.91 | M119: 8
A120: 116 | B120: 12070218000010 | C120: 数据采集仪 | D120: 雨花水质净化厂 | E120: W5100HB-III型 | F120: 到期报废 | G120: 台 | H120: 1 | I120: 43460 | J120: 43460 | K120: 13176.63 | L120: 527.07 | M120: 10
A121: 117 | B121: 12070218000011 | C121: 数据采集仪 | D121: 雨花水质净化厂 | E121: W5100HB-III | F121: 到期报废 | G121: 台 | H121: 1 | I121: 43460 | J121: 43460 | K121: 13176.64 | L121: 527.07 | M121: 10
A122: 118 | B122: 14010321000013 | C122: 进水 氨氮计 | D122: 雨花水质净化厂 | E122: 2512212，2-100mg/L 位置：进水仪表站房 | F122: 到期报废 | G122: 台 | H122: 1 | I122: 42815 | J122: 42815 | K122: 294463.84 | L122: 11778.55 | M122: 32
A123: 119 | B123: 15030421000203 | C123: 格力空调8 | D123: 雨花水质净化厂 | E123: KFR-12568SNhAc-3 | F123: 到期报废 | G123: 台 | H123: 1 | I123: 42815 | J123: 42815 | K123: 8930 | L123: 357.2 | M123: 1450
A124: 120 | B124: 15030421000204 | C124: 格力空调9 | D124: 雨花水质净化厂 | E124: KFR-12568SNhAc-3 | F124: 到期报废 | G124: 台 | H124: 1 | I124: 42815 | J124: 42815 | K124: 8930 | L124: 357.2 | M124: 1450
A125: 121 | B125: 15030421000205 | C125: 格力空调10 | D125: 雨花水质净化厂 | E125: KFR-12568SNhAc-3 | F125: 到期报废 | G125: 台 | H125: 1 | I125: 42815 | J125: 42815 | K125: 8930 | L125: 357.2 | M125: 1450
A126: 122 | B126: 11030421000048 | C126: 滤池液位计4 | D126: 雨花水质净化厂 | E126: 传感器FDU90-RG3AA;变送器FMU90-R12CB212AA3A | F126: 到期报废 | G126: 台 | H126: 1 | I126: 42815 | J126: 42815 | K126: 27955.43 | L126: 1118.22 | M126: 8
A127: 123 | B127: 14010321000016 | C127: 出水氨氮检测仪 | D127: 雨花水质净化厂 | E127: 规格：2-100mg/L；型号：2-100mg/L 2512212 | F127: 到期报废 | G127: 台 | H127: 1 | I127: 42815 | J127: 42815 | K127: 294463.84 | L127: 11778.55 | M127: 32
A128: 124 | B128: 15030421000202 | C128: 格力空调7 | D128: 雨花水质净化厂 | E128: KFR-12568SNhAc-3 | F128: 到期报废 | G128: 台 | H128: 1 | I128: 42815 | J128: 42815 | K128: 8930 | L128: 357.2 | M128: 1450
A129: 125 | B129: 02010121000206 | C129: 潜水排污泵1 | D129: 雨花水质净化厂 | E129: Q=1200m3/h，扬程H=50m,N=280KW,380V。自动耦合式安装 | F129: 提前报废 | G129: 台 | H129: 1 | I129: 42815 | J129: 42815 | K129: 409678.54 | L129: 115486.45 | M129: 5934
A130: 126 | B130: 14010520000029 | C130: 便携式DO仪 | D130: 新港水质净化厂 | E130: 精度：DO:0-20mg/L | F130: 到期报废 | G130: 台 | H130: 1 | I130: 2017-03-22 | J130: 2017-03-22 | K130: 3280.99 | L130: 131.24 | M130: 1
A131: 127 | B131: 14010518000001 | C131: 便携溶氧仪 | D131: 新港水质净化厂 | E131: DOS-118G | F131: 到期报废 | G131: 台 | H131: 1 | I131: 2018-10-16 | J131: 2018-10-16 | K131: 8252.43 | L131: 2750.87 | M131: 1
A132: 128 | B132: 14022117000005 | C132: COD消解仪 | D132: 新港水质净化厂 | E132: HCA-100 | F132: 到期报废 | G132: 台 | H132: 1 | I132: 2017-06-29 | J132: 2017-06-29 | K132: 6794.87 | L132: 271.79 | M132: 1
A133: 129 | B133: 12020120000006 | C133: UPS电源 | D133: 新港水质净化厂 | E133: CASTLE-3K | F133: 到期报废 | G133: 台 | H133: 1 | I133: 2017-03-22 | J133: 2017-03-22 | K133: 6190.35 | L133: 247.61 | M133: 214
...

Sheet Sheet4
E1: C型臂类型 落地式/直线式C型臂 控制方式 全电动控制/手动控制 C型臂绕体轴旋转 LAO120 - RAO120 C型臂沿体轴倾斜 CRAN50°～CAUD45° 绕天轴旋转旋转 +0°～‐30°（地面） C型臂*大旋转速度 25°/秒 C型臂纵向运动 170cm（C臂+床面） C型臂侧向运动 20cm（床面） SID 87.5-117.5cm 单手操作 控制杆 隔室操作 无 常用角度记忆 数字图像处理系统 AXIOM Artis 图像数据A/D转换 12bit 图像数据传输方式（摄像机*处理器） 模拟 单手控制床旁图像管理 床旁操作面板 图像数据采集 心脏采集模式 512x512, 8bit, 30fps DSA采集模式 1024x1024, 12bit, 0.5~7.5fps 临时图像数据存储 6,250 fr.@1024x1024 **图像数据存档 CD-R CD-R数据读取回主机 不能 实时三维同步减影DSA 无 实时三维旋转DSA 选购 下肢步进 DSA 选配 *压发生器 POLYDOROS IS 逆变频率 44kHz Imaging System 摄影系统 CCD100万像素 影像增强器 (英寸) 13/9/7/5 检查室显示器 18‘TFT 两台 （分辨率1280*1024 亮度 230cd/m2 ） 控制室显示器 *台 X线球管 MEGALIX 热容量 2,000,000 HU 焦点尺寸 mm 0.3/0.6/1.0 焦点、功率 0.3mm18kw,0.6mm52kw，1.0mm100kw 冷却类型 水冷 束光器 虹模型+方形+楔形滤片 智能束光器旋转 有 导管床 KOORDINAT-M 床面垂直升降 77~110cm 床面水平移动 纵向125cm，侧向35cm 床面水平旋转 120/120度 （选件？） *大承重 200Kg | G1: 德国西门子血管造影机介入治疗系统（DSA），具有采集速度快、图像清晰、可进行旋转DSA、步进跟踪造影等功能，利用高新技术在影像监视下进行全身各部位血管造影诊断、血管性疾病和非血管性疾病及肿瘤介入治疗等，具有创伤小、安全性高、痛苦小、恢复快等优点。适用于： 1.脑血管造影：用于诊断脑动脉瘤、脑动静脉畸形、颅内占位性病变、脑血管闭塞等造影、栓塞及支架植入。 2.四肢、头颈部血管造影：血管狭窄、闭塞的扩张成形和支架植入。 心血管系统的检查：冠状动脉造影术，冠状动脉支架植入术，永久起博安装术，先心病的房、室间隔缺损封堵术等。 3.胸腹部系统的检查：食管、气管、胆管狭窄支架植入术，肝癌、胰腺癌、膀胱癌、宫颈癌灌注化疗及栓塞治疗，肝脾血管瘤、子宫肌瘤栓塞治疗，椎体成形术等

Sheet Sheet3
A1: WNS4-1.0-Q燃气蒸汽锅炉主要技术参数解读 额定蒸发量：4t/h（每小时产生4吨蒸汽） 额定工作压力：1.0MPa（也就是10公斤压力，压力通常有0.7MPa1.00.7MPa、1.250.7MPa、1.60.7MPa、2.00.7MPa、2.50.7MPa） 热效率：92% 燃料消耗量：天然气317.2m³/h、液化气116m³/h、城市煤气674m³/h 锅炉尺寸：长5000mm、宽2230mm、高2580mm 烟囱直径：580mm 锅炉重量：10吨 蒸汽出口：100DN 锅炉耗电量：12KW | B1: WNS4-1.0-Q燃气蒸汽锅炉是指使用燃气作为燃料的卧式内燃室燃炉的蒸汽锅炉，它每小时可以生产出4吨蒸汽。 WNS4-1.0-Q是目前蒸汽锅炉的主流产品，它所燃烧的燃料可以是天然气、沼气、液化气、城市煤气，但通常使用最多的则是天然气，所以它可以成为天然气蒸汽锅炉。4吨燃气蒸汽锅炉具有高热效率、高智能化操作系统、节能环保、安全可靠等优势

Sheet Sheet2
A1: 固定资产—办公电子设备评估申报明细表
A2: 评估基准日：2019年10月28日
A4: 被评估公司：长沙市第八医院 | U4: 43604
A5: 序号 | B5: 报废单号 | C5: 财政资产编号 | D5: 卡片编号 | E5: 设备名称 | F5: 规格型号 | G5: 计量单位 | H5: 数量 | I5: 购置日期 | J5: 启用日期 | K5: 账面价值 | N5: 含税评估价值（残余价值） | Q5: 评估单价（元/台） | R5: 增值金额 | S5: 增值率% | T5: 备注
K6: 原值 | L6: 累计折旧 | M6: 净值 | N6: 原值 | O6: 成新率% | P6: 净值
A7: 1 | B7: 02-01701 | C7: 302013000005104 | D7: 000020587 | E7: 电脑 | G7: 台 | H7: 1 | I7: 2008-11-30 | J7: 2008-11-30 | K7: 1920 | L7: 1600.2 | M7: =K7-L7 -> 319.8 | N7: =H7*Q7 -> 35 | P7: =N7 -> 35 | Q7: 35 | R7: =P7-M7 -> -285 | S7: =IF(M7=0,"",(P7-M7)/(M7)) -> -0.8906
A8: 2 | B8: 02-01703 | C8: 302013000005109 | D8: 000020574 | E8: 电脑 | G8: 台 | H8: 1 | I8: 2008-06-30 | J8: 2008-06-30 | K8: 2250 | L8: 1875 | M8: =K8-L8 -> 375 | N8: =H8*Q8 -> 35 | P8: =N8 -> 35 | Q8: 35 | R8: =P8-M8 -> -340 | S8: =IF(M8=0,"",(P8-M8)/(M8)) -> -0.9067
A9: 3 | B9: 02-01705 | C9: 302013000005108 | D9: 000020573 | E9: 电脑 | G9: 台 | H9: 1 | I9: 2008-06-30 | J9: 2008-06-30 | K9: 2250 | L9: 1875 | M9: =K9-L9 -> 375 | N9: =H9*Q9 -> 35 | P9: =N9 -> 35 | Q9: 35 | R9: =P9-M9 -> -340 | S9: =IF(M9=0,"",(P9-M9)/(M9)) -> -0.9067
A10: 4 | C10: 302013000002991 | D10: 000020567 | E10: 联想电脑 | F10: 联想 | G10: 台 | H10: 1 | I10: 2008-03-31 | J10: 2008-03-31 | K10: 3980 | L10: 3316.8 | M10: =K10-L10 -> 663.2 | N10: =H10*Q10 -> 35 | P10: =N10 -> 35 | Q10: 35 | R10: =P10-M10 -> -628 | S10: =IF(M10=0,"",(P10-M10)/(M10)) -> -0.9472
A11: 5 | B11: 02-01706 | C11: 302013000005110 | D11: 000020577 | E11: 电脑 | G11: 台 | H11: 1 | I11: 2008-07-31 | J11: 2008-07-31 | K11: 2250 | L11: 1875 | M11: =K11-L11 -> 375 | N11: =H11*Q11 -> 35 | P11: =N11 -> 35 | Q11: 35 | R11: =P11-M11 -> -340 | S11: =IF(M11=0,"",(P11-M11)/(M11)) -> -0.9067
A12: 6 | B12: 02-01707 | C12: 302013000005120 | D12: 000024181 | E12: 电脑 | G12: 台 | H12: 1 | I12: 2011-10-31 | J12: 2011-10-31 | K12: 2700 | L12: 2250 | M12: =K12-L12 -> 450 | N12: =H12*Q12 -> 35 | P12: =N12 -> 35 | Q12: 35 | R12: =P12-M12 -> -415 | S12: =IF(M12=0,"",(P12-M12)/(M12)) -> -0.9222
A13: 7 | B13: 02-00497 | C13: 302013000005145 | D13: 000023570 | E13: 电脑 | G13: 台 | H13: 1 | I13: 2010-11-30 | J13: 2010-11-30 | K13: 3350 | L13: 2791.8 | M13: =K13-L13 -> 558.2 | N13: =H13*Q13 -> 35 | P13: =N13 -> 35 | Q13: 35 | R13: =P13-M13 -> -523 | S13: =IF(M13=0,"",(P13-M13)/(M13)) -> -0.9373
A14: 8 | B14: 02-02073 | C14: 302013000005144 | D14: 000023569 | E14: 电脑 | G14: 台 | H14: 1 | I14: 2010-11-30 | J14: 2010-11-30 | K14: 3350 | L14: 2791.8 | M14: =K14-L14 -> 558.2 | N14: =H14*Q14 -> 35 | P14: =N14 -> 35 | Q14: 35 | R14: =P14-M14 -> -523 | S14: =IF(M14=0,"",(P14-M14)/(M14)) -> -0.9373
A15: 9 | C15: 302013000005143 | D15: 000023568 | E15: 电脑 | G15: 台 | H15: 1 | I15: 2010-11-30 | J15: 2010-11-30 | K15: 3350 | L15: 2791.8 | M15: =K15-L15 -> 558.2 | N15: =H15*Q15 -> 35 | P15: =N15 -> 35 | Q15: 35 | R15: =P15-M15 -> -523 | S15: =IF(M15=0,"",(P15-M15)/(M15)) -> -0.9373
A16: 10 | C16: 3020132013000000034 | D16: wszyFBQ201300034 | E16: 电脑 | G16: 台 | H16: 1 | I16: 2013-01-31 | J16: 2013-01-31 | K16: 3450 | L16: 3450 | M16: =K16-L16 -> 0 | N16: =H16*Q16 -> 35 | P16: =N16 -> 35 | Q16: 35 | R16: =P16-M16 -> 35 | S16: =IF(M16=0,"",(P16-M16)/(M16))
A17: 11 | C17: 302013000005146 | D17: 000020566 | E17: 电脑 | G17: 台 | H17: 1 | I17: 2008-01-31 | J17: 2008-01-31 | K17: 3540 | L17: 2950.2 | M17: =K17-L17 -> 589.8 | N17: =H17*Q17 -> 35 | P17: =N17 -> 35 | Q17: 35 | R17: =P17-M17 -> -555 | S17: =IF(M17=0,"",(P17-M17)/(M17)) -> -0.9407
A18: 12 | C18: 302013000002942 | D18: 000018862 | E18: 联想电脑 | F18: 联想 | G18: 台 | H18: 1 | I18: 2007-12-30 | J18: 2007-12-30 | K18: 3570 | L18: 2974.8 | M18: =K18-L18 -> 595.2 | N18: =H18*Q18 -> 35 | P18: =N18 -> 35 | Q18: 35 | R18: =P18-M18 -> -560 | S18: =IF(M18=0,"",(P18-M18)/(M18)) -> -0.9412
A19: 13 | C19: 302013000002941 | D19: 000018859 | E19: 联想电脑 | F19: 联想 | G19: 台 | H19: 1 | I19: 2007-12-30 | J19: 2007-12-30 | K19: 3570 | L19: 2974.8 | M19: =K19-L19 -> 595.2 | N19: =H19*Q19 -> 35 | P19: =N19 -> 35 | Q19: 35 | R19: =P19-M19 -> -560 | S19: =IF(M19=0,"",(P19-M19)/(M19)) -> -0.9412
A20: 14 | C20: 302013000002940 | D20: 000018858 | E20: 联想电脑 | F20: 联想 | G20: 台 | H20: 1 | I20: 2007-12-30 | J20: 2007-12-30 | K20: 3570 | L20: 2974.8 | M20: =K20-L20 -> 595.2 | N20: =H20*Q20 -> 35 | P20: =N20 -> 35 | Q20: 35 | R20: =P20-M20 -> -560 | S20: =IF(M20=0,"",(P20-M20)/(M20)) -> -0.9412
A21: 15 | C21: 302013000002939 | D21: 000018857 | E21: 联想电脑 | F21: 联想 | G21: 台 | H21: 1 | I21: 2007-12-30 | J21: 2007-12-30 | K21: 3570 | L21: 2974.8 | M21: =K21-L21 -> 595.2 | N21: =H21*Q21 -> 35 | P21: =N21 -> 35 | Q21: 35 | R21: =P21-M21 -> -560 | S21: =IF(M21=0,"",(P21-M21)/(M21)) -> -0.9412
A22: 16 | C22: 302013000005163 | D22: 000024141 | E22: 电脑 | G22: 台 | H22: 1 | I22: 2011-08-31 | J22: 2011-08-31 | K22: 3600 | L22: 3000 | M22: =K22-L22 -> 600 | N22: =H22*Q22 -> 35 | P22: =N22 -> 35 | Q22: 35 | R22: =P22-M22 -> -565 | S22: =IF(M22=0,"",(P22-M22)/(M22)) -> -0.9417
A23: 17 | C23: 302013000002948 | D23: 000018841 | E23: 联想电脑 | F23: 联想 | G23: 台 | H23: 1 | I23: 2007-10-30 | J23: 2007-10-30 | K23: 3650 | L23: 3041.4 | M23: =K23-L23 -> 608.6 | N23: =H23*Q23 -> 35 | P23: =N23 -> 35 | Q23: 35 | R23: =P23-M23 -> -574 | S23: =IF(M23=0,"",(P23-M23)/(M23)) -> -0.9425
A24: 18 | C24: 302013000002893 | D24: 000020451 | E24: 联想电脑15寸液晶 | F24: 联想 | G24: 台 | H24: 1 | I24: 2008-05-31 | J24: 2008-05-31 | K24: 3680 | L24: 3066.6 | M24: =K24-L24 -> 613.4 | N24: =H24*Q24 -> 35 | P24: =N24 -> 35 | Q24: 35 | R24: =P24-M24 -> -578 | S24: =IF(M24=0,"",(P24-M24)/(M24)) -> -0.9429
A25: 19 | C25: 302013000002892 | D25: 000020450 | E25: 联想电脑15寸液晶 | F25: 联想 | G25: 台 | H25: 1 | I25: 2008-05-31 | J25: 2008-05-31 | K25: 3680 | L25: 3066.6 | M25: =K25-L25 -> 613.4 | N25: =H25*Q25 -> 35 | P25: =N25 -> 35 | Q25: 35 | R25: =P25-M25 -> -578 | S25: =IF(M25=0,"",(P25-M25)/(M25)) -> -0.9429
A26: 20 | C26: 302013000002891 | D26: 000020448 | E26: 联想电脑15寸液晶 | F26: 联想 | G26: 台 | H26: 1 | I26: 2008-05-31 | J26: 2008-05-31 | K26: 3680 | L26: 3066.6 | M26: =K26-L26 -> 613.4 | N26: =H26*Q26 -> 35 | P26: =N26 -> 35 | Q26: 35 | R26: =P26-M26 -> -578 | S26: =IF(M26=0,"",(P26-M26)/(M26)) -> -0.9429
A27: 21 | C27: 302013000005226 | D27: 000023565 | E27: 电脑 | G27: 台 | H27: 1 | I27: 2010-11-30 | J27: 2010-11-30 | K27: 3700 | L27: 3083.4 | M27: =K27-L27 -> 616.6 | N27: =H27*Q27 -> 35 | P27: =N27 -> 35 | Q27: 35 | R27: =P27-M27 -> -582 | S27: =IF(M27=0,"",(P27-M27)/(M27)) -> -0.9432
A28: 22 | C28: 302013000005223 | D28: 000023571 | E28: 电脑 | G28: 台 | H28: 1 | I28: 2010-11-30 | J28: 2010-11-30 | K28: 3700 | L28: 3083.4 | M28: =K28-L28 -> 616.6 | N28: =H28*Q28 -> 35 | P28: =N28 -> 35 | Q28: 35 | R28: =P28-M28 -> -582 | S28: =IF(M28=0,"",(P28-M28)/(M28)) -> -0.9432
A29: 23 | C29: 302013000005222 | D29: 000023579 | E29: 电脑 | G29: 台 | H29: 1 | I29: 2010-11-30 | J29: 2010-11-30 | K29: 3700 | L29: 3083.4 | M29: =K29-L29 -> 616.6 | N29: =H29*Q29 -> 35 | P29: =N29 -> 35 | Q29: 35 | R29: =P29-M29 -> -582 | S29: =IF(M29=0,"",(P29-M29)/(M29)) -> -0.9432
A30: 24 | C30: 302013000005221 | D30: 000023578 | E30: 电脑 | G30: 台 | H30: 1 | I30: 2010-11-30 | J30: 2010-11-30 | K30: 3700 | L30: 3083.4 | M30: =K30-L30 -> 616.6 | N30: =H30*Q30 -> 35 | P30: =N30 -> 35 | Q30: 35 | R30: =P30-M30 -> -582 | S30: =IF(M30=0,"",(P30-M30)/(M30)) -> -0.9432
A31: 25 | C31: 302013000005219 | D31: 000023620 | E31: 电脑 | G31: 台 | H31: 1 | I31: 2010-11-30 | J31: 2010-11-30 | K31: 3700 | L31: 3083.4 | M31: =K31-L31 -> 616.6 | N31: =H31*Q31 -> 35 | P31: =N31 -> 35 | Q31: 35 | R31: =P31-M31 -> -582 | S31: =IF(M31=0,"",(P31-M31)/(M31)) -> -0.9432
A32: 26 | C32: 302013000005218 | D32: 000023619 | E32: 电脑 | G32: 台 | H32: 1 | I32: 2010-11-30 | J32: 2010-11-30 | K32: 3700 | L32: 3083.4 | M32: =K32-L32 -> 616.6 | N32: =H32*Q32 -> 35 | P32: =N32 -> 35 | Q32: 35 | R32: =P32-M32 -> -582 | S32: =IF(M32=0,"",(P32-M32)/(M32)) -> -0.9432
A33: 27 | C33: 302013000005217 | D33: 000023618 | E33: 电脑 | G33: 台 | H33: 1 | I33: 2010-11-30 | J33: 2010-11-30 | K33: 3700 | L33: 3083.4 | M33: =K33-L33 -> 616.6 | N33: =H33*Q33 -> 35 | P33: =N33 -> 35 | Q33: 35 | R33: =P33-M33 -> -582 | S33: =IF(M33=0,"",(P33-M33)/(M33)) -> -0.9432
A34: 28 | C34: 302013000005216 | D34: 000023617 | E34: 电脑 | G34: 台 | H34: 1 | I34: 2010-11-30 | J34: 2010-11-30 | K34: 3700 | L34: 3083.4 | M34: =K34-L34 -> 616.6 | N34: =H34*Q34 -> 35 | P34: =N34 -> 35 | Q34: 35 | R34: =P34-M34 -> -582 | S34: =IF(M34=0,"",(P34-M34)/(M34)) -> -0.9432
A35: 29 | C35: 302013000005215 | D35: 000023616 | E35: 电脑 | G35: 台 | H35: 1 | I35: 2010-11-30 | J35: 2010-11-30 | K35: 3700 | L35: 3083.4 | M35: =K35-L35 -> 616.6 | N35: =H35*Q35 -> 35 | P35: =N35 -> 35 | Q35: 35 | R35: =P35-M35 -> -582 | S35: =IF(M35=0,"",(P35-M35)/(M35)) -> -0.9432
A36: 30 | C36: 302013000005214 | D36: 000023615 | E36: 电脑 | G36: 台 | H36: 1 | I36: 2010-11-30 | J36: 2010-11-30 | K36: 3700 | L36: 3083.4 | M36: =K36-L36 -> 616.6 | N36: =H36*Q36 -> 35 | P36: =N36 -> 35 | Q36: 35 | R36: =P36-M36 -> -582 | S36: =IF(M36=0,"",(P36-M36)/(M36)) -> -0.9432
A37: 31 | C37: 302013000005213 | D37: 000023631 | E37: 电脑 | G37: 台 | H37: 1 | I37: 2010-11-30 | J37: 2010-11-30 | K37: 3700 | L37: 3083.4 | M37: =K37-L37 -> 616.6 | N37: =H37*Q37 -> 35 | P37: =N37 -> 35 | Q37: 35 | R37: =P37-M37 -> -582 | S37: =IF(M37=0,"",(P37-M37)/(M37)) -> -0.9432
A38: 32 | C38: 302013000005212 | D38: 000023630 | E38: 电脑 | G38: 台 | H38: 1 | I38: 2010-11-30 | J38: 2010-11-30 | K38: 3700 | L38: 3083.4 | M38: =K38-L38 -> 616.6 | N38: =H38*Q38 -> 35 | P38: =N38 -> 35 | Q38: 35 | R38: =P38-M38 -> -582 | S38: =IF(M38=0,"",(P38-M38)/(M38)) -> -0.9432
A39: 33 | C39: 302013000005211 | D39: 000023629 | E39: 电脑 | G39: 台 | H39: 1 | I39: 2010-11-30 | J39: 2010-11-30 | K39: 3700 | L39: 3083.4 | M39: =K39-L39 -> 616.6 | N39: =H39*Q39 -> 35 | P39: =N39 -> 35 | Q39: 35 | R39: =P39-M39 -> -582 | S39: =IF(M39=0,"",(P39-M39)/(M39)) -> -0.9432
A40: 34 | C40: 302013000002965 | D40: 000020504 | E40: 联想电脑 | F40: 联想 | G40: 台 | H40: 1 | I40: 2008-10-31 | J40: 2008-10-31 | K40: 3700 | L40: 3083.4 | M40: =K40-L40 -> 616.6 | N40: =H40*Q40 -> 35 | P40: =N40 -> 35 | Q40: 35 | R40: =P40-M40 -> -582 | S40: =IF(M40=0,"",(P40-M40)/(M40)) -> -0.9432
A41: 35 | C41: 302013000002964 | D41: 000020488 | E41: 联想电脑 | F41: 联想 | G41: 台 | H41: 1 | I41: 2008-08-31 | J41: 2008-08-31 | K41: 3700 | L41: 3083.4 | M41: =K41-L41 -> 616.6 | N41: =H41*Q41 -> 35 | P41: =N41 -> 35 | Q41: 35 | R41: =P41-M41 -> -582 | S41: =IF(M41=0,"",(P41-M41)/(M41)) -> -0.9432
A42: 36 | C42: 302013000002963 | D42: 000020485 | E42: 联想电脑 | F42: 联想 | G42: 台 | H42: 1 | I42: 2008-08-31 | J42: 2008-08-31 | K42: 3700 | L42: 3083.4 | M42: =K42-L42 -> 616.6 | N42: =H42*Q42 -> 35 | P42: =N42 -> 35 | Q42: 35 | R42: =P42-M42 -> -582 | S42: =IF(M42=0,"",(P42-M42)/(M42)) -> -0.9432
A43: 37 | C43: 302013000002899 | D43: 000020466 | E43: 联想电脑15寸液晶 | F43: 联想 | G43: 台 | H43: 1 | I43: 2008-06-30 | J43: 2008-06-30 | K43: 3700 | L43: 3083.4 | M43: =K43-L43 -> 616.6 | N43: =H43*Q43 -> 35 | P43: =N43 -> 35 | Q43: 35 | R43: =P43-M43 -> -582 | S43: =IF(M43=0,"",(P43-M43)/(M43)) -> -0.9432
A44: 38 | C44: 302013000002898 | D44: 000020468 | E44: 联想电脑15寸液晶 | F44: 联想 | G44: 台 | H44: 1 | I44: 2008-06-30 | J44: 2008-06-30 | K44: 3700 | L44: 3083.4 | M44: =K44-L44 -> 616.6 | N44: =H44*Q44 -> 35 | P44: =N44 -> 35 | Q44: 35 | R44: =P44-M44 -> -582 | S44: =IF(M44=0,"",(P44-M44)/(M44)) -> -0.9432
A45: 39 | C45: 302013000002955 | D45: 000020501 | E45: 联想电脑 | F45: 联想 | G45: 台 | H45: 1 | I45: 2008-10-31 | J45: 2008-10-31 | K45: 3700 | L45: 3083.4 | M45: =K45-L45 -> 616.6 | N45: =H45*Q45 -> 35 | P45: =N45 -> 35 | Q45: 35 | R45: =P45-M45 -> -582 | S45: =IF(M45=0,"",(P45-M45)/(M45)) -> -0.9432
A46: 40 | C46: 302013000005253 | D46: 000024260 | E46: 电脑 | G46: 台 | H46: 1 | I46: 2012-01-01 | J46: 2012-01-01 | K46: 3800 | L46: 3166.8 | M46: =K46-L46 -> 633.2 | N46: =H46*Q46 -> 35 | P46: =N46 -> 35 | Q46: 35 | R46: =P46-M46 -> -598 | S46: =IF(M46=0,"",(P46-M46)/(M46)) -> -0.9447
A47: 41 | C47: 302013000005237 | D47: 000024101 | E47: 电脑 | G47: 台 | H47: 1 | I47: 2011-07-31 | J47: 2011-07-31 | K47: 3800 | L47: 3166.8 | M47: =K47-L47 -> 633.2 | N47: =H47*Q47 -> 35 | P47: =N47 -> 35 | Q47: 35 | R47: =P47-M47 -> -598 | S47: =IF(M47=0,"",(P47-M47)/(M47)) -> -0.9447
A48: 42 | C48: 302013000005254 | D48: 000023203 | E48: 电脑 | G48: 台 | H48: 1 | I48: 2010-05-31 | J48: 2010-05-31 | K48: 3820 | L48: 3183.6 | M48: =K48-L48 -> 636.4 | N48: =H48*Q48 -> 35 | P48: =N48 -> 35 | Q48: 35 | R48: =P48-M48 -> -601 | S48: =IF(M48=0,"",(P48-M48)/(M48)) -> -0.945
A49: 43 | C49: 302013000005256 | D49: 000023430 | E49: 电脑 | G49: 台 | H49: 1 | I49: 2010-09-30 | J49: 2010-09-30 | K49: 3850 | L49: 3208.2 | M49: =K49-L49 -> 641.8 | N49: =H49*Q49 -> 35 | P49: =N49 -> 35 | Q49: 35 | R49: =P49-M49 -> -607 | S49: =IF(M49=0,"",(P49-M49)/(M49)) -> -0.9455
A50: 44 | C50: 302013000002968 | D50: 000020526 | E50: 联想电脑 | F50: 联想 | G50: 台 | H50: 1 | I50: 2008-07-31 | J50: 2008-07-31 | K50: 3850 | L50: 3208.2 | M50: =K50-L50 -> 641.8 | N50: =H50*Q50 -> 35 | P50: =N50 -> 35 | Q50: 35 | R50: =P50-M50 -> -607 | S50: =IF(M50=0,"",(P50-M50)/(M50)) -> -0.9455
A51: 45 | C51: 302013000005318 | D51: 000023847 | E51: 电脑 | G51: 台 | H51: 1 | I51: 2010-12-31 | J51: 2010-12-31 | K51: 3868 | L51: 3223.2 | M51: =K51-L51 -> 644.8 | N51: =H51*Q51 -> 35 | P51: =N51 -> 35 | Q51: 35 | R51: =P51-M51 -> -610 | S51: =IF(M51=0,"",(P51-M51)/(M51)) -> -0.9457
A52: 46 | C52: 302013000005354 | D52: 000022301 | E52: 电脑 | G52: 台 | H52: 1 | I52: 2009-03-31 | J52: 2009-03-31 | K52: 3900 | L52: 3250.2 | M52: =K52-L52 -> 649.8 | N52: =H52*Q52 -> 35 | P52: =N52 -> 35 | Q52: 35 | R52: =P52-M52 -> -615 | S52: =IF(M52=0,"",(P52-M52)/(M52)) -> -0.9461
A53: 47 | C53: 302013000005350 | D53: 000022297 | E53: 电脑 | G53: 台 | H53: 1 | I53: 2009-03-31 | J53: 2009-03-31 | K53: 3900 | L53: 3250.2 | M53: =K53-L53 -> 649.8 | N53: =H53*Q53 -> 35 | P53: =N53 -> 35 | Q53: 35 | R53: =P53-M53 -> -615 | S53: =IF(M53=0,"",(P53-M53)/(M53)) -> -0.9461
A54: 48 | C54: 302013000005349 | D54: 000022296 | E54: 电脑 | G54: 台 | H54: 1 | I54: 2009-03-31 | J54: 2009-03-31 | K54: 3900 | L54: 3250.2 | M54: =K54-L54 -> 649.8 | N54: =H54*Q54 -> 35 | P54: =N54 -> 35 | Q54: 35 | R54: =P54-M54 -> -615 | S54: =IF(M54=0,"",(P54-M54)/(M54)) -> -0.9461
A55: 49 | C55: 302013000005346 | D55: 000022295 | E55: 电脑 | G55: 台 | H55: 1 | I55: 2009-03-31 | J55: 2009-03-31 | K55: 3900 | L55: 3250.2 | M55: =K55-L55 -> 649.8 | N55: =H55*Q55 -> 35 | P55: =N55 -> 35 | Q55: 35 | R55: =P55-M55 -> -615 | S55: =IF(M55=0,"",(P55-M55)/(M55)) -> -0.9461
A56: 50 | C56: 302013000005342 | D56: 000022263 | E56: 电脑 | G56: 台 | H56: 1 | I56: 2009-03-31 | J56: 2009-03-31 | K56: 3900 | L56: 3250.2 | M56: =K56-L56 -> 649.8 | N56: =H56*Q56 -> 35 | P56: =N56 -> 35 | Q56: 35 | R56: =P56-M56 -> -615 | S56: =IF(M56=0,"",(P56-M56)/(M56)) -> -0.9461
A57: 51 | C57: 302013000005338 | D57: 000022314 | E57: 电脑 | G57: 台 | H57: 1 | I57: 2009-03-31 | J57: 2009-03-31 | K57: 3900 | L57: 3250.2 | M57: =K57-L57 -> 649.8 | N57: =H57*Q57 -> 35 | P57: =N57 -> 35 | Q57: 35 | R57: =P57-M57 -> -615 | S57: =IF(M57=0,"",(P57-M57)/(M57)) -> -0.9461
A58: 52 | C58: 302013000005079 | D58: 000023174 | E58: 电脑(浏阳利通) | F58: 联想 | G58: 台 | H58: 1 | I58: 2010-04-30 | J58: 2010-04-30 | K58: 3900 | L58: 3250.2 | M58: =K58-L58 -> 649.8 | N58: =H58*Q58 -> 35 | P58: =N58 -> 35 | Q58: 35 | R58: =P58-M58 -> -615 | S58: =IF(M58=0,"",(P58-M58)/(M58)) -> -0.9461
A59: 53 | C59: 302013000005330 | D59: 000020517 | E59: 电脑 | G59: 台 | H59: 1 | I59: 2008-12-31 | J59: 2008-12-31 | K59: 3900 | L59: 3250.2 | M59: =K59-L59 -> 649.8 | N59: =H59*Q59 -> 35 | P59: =N59 -> 35 | Q59: 35 | R59: =P59-M59 -> -615 | S59: =IF(M59=0,"",(P59-M59)/(M59)) -> -0.9461
A60: 54 | C60: 302013000005344 | D60: 000022351 | E60: 电脑 | G60: 台 | H60: 1 | I60: 2009-07-31 | J60: 2009-07-31 | K60: 3900 | L60: 3250.2 | M60: =K60-L60 -> 649.8 | N60: =H60*Q60 -> 35 | P60: =N60 -> 35 | Q60: 35 | R60: =P60-M60 -> -615 | S60: =IF(M60=0,"",(P60-M60)/(M60)) -> -0.9461
A61: 55 | C61: 302013000005365 | D61: 000022345 | E61: 电脑 | G61: 台 | H61: 1 | I61: 2009-03-31 | J61: 2009-03-31 | K61: 4050 | L61: 3375 | M61: =K61-L61 -> 675 | N61: =H61*Q61 -> 35 | P61: =N61 -> 35 | Q61: 35 | R61: =P61-M61 -> -640 | S61: =IF(M61=0,"",(P61-M61)/(M61)) -> -0.9481
A62: 56 | C62: 302013000005361 | D62: 000022307 | E62: 电脑 | G62: 台 | H62: 1 | I62: 2009-03-31 | J62: 2009-03-31 | K62: 4050 | L62: 3375 | M62: =K62-L62 -> 675 | N62: =H62*Q62 -> 35 | P62: =N62 -> 35 | Q62: 35 | R62: =P62-M62 -> -640 | S62: =IF(M62=0,"",(P62-M62)/(M62)) -> -0.9481
A63: 57 | C63: 302013000005367 | D63: 000022303 | E63: 电脑 | G63: 台 | H63: 1 | I63: 2009-03-31 | J63: 2009-03-31 | K63: 4050 | L63: 3375 | M63: =K63-L63 -> 675 | N63: =H63*Q63 -> 35 | P63: =N63 -> 35 | Q63: 35 | R63: =P63-M63 -> -640 | S63: =IF(M63=0,"",(P63-M63)/(M63)) -> -0.9481
A64: 58 | C64: 3020132013000000598 | D64: wszyFBQ201300598 | E64: 电脑 | G64: 台 | H64: 1 | I64: 2013-04-30 | J64: 2013-04-30 | K64: 4050 | L64: 3881.25 | M64: =K64-L64 -> 168.75 | N64: =H64*Q64 -> 35 | P64: =N64 -> 35 | Q64: 35 | R64: =P64-M64 -> -134 | S64: =IF(M64=0,"",(P64-M64)/(M64)) -> -0.7926
A65: 59 | C65: 3020132013000000597 | D65: wszyFBQ201300597 | E65: 电脑 | G65: 台 | H65: 1 | I65: 2013-04-30 | J65: 2013-04-30 | K65: 4050 | L65: 3881.25 | M65: =K65-L65 -> 168.75 | N65: =H65*Q65 -> 35 | P65: =N65 -> 35 | Q65: 35 | R65: =P65-M65 -> -134 | S65: =IF(M65=0,"",(P65-M65)/(M65)) -> -0.7926
A66: 60 | C66: 3020132013000000596 | D66: wszyFBQ201300596 | E66: 电脑 | G66: 台 | H66: 1 | I66: 2013-04-30 | J66: 2013-04-30 | K66: 4050 | L66: 3881.25 | M66: =K66-L66 -> 168.75 | N66: =H66*Q66 -> 35 | P66: =N66 -> 35 | Q66: 35 | R66: =P66-M66 -> -134 | S66: =IF(M66=0,"",(P66-M66)/(M66)) -> -0.7926
A67: 61 | C67: 302013000002996 | D67: 000020521 | E67: 联想电脑 | F67: 联想 | G67: 台 | H67: 1 | I67: 2008-12-31 | J67: 2008-12-31 | K67: 4050 | L67: 3375 | M67: =K67-L67 -> 675 | N67: =H67*Q67 -> 35 | P67: =N67 -> 35 | Q67: 35 | R67: =P67-M67 -> -640 | S67: =IF(M67=0,"",(P67-M67)/(M67)) -> -0.9481
A68: 62 | C68: 302013000005363 | D68: 000022264 | E68: 电脑 | F68: 联想 | G68: 台 | H68: 1 | I68: 2009-07-31 | J68: 2009-07-31 | K68: 4050 | L68: 3375 | M68: =K68-L68 -> 675 | N68: =H68*Q68 -> 35 | P68: =N68 -> 35 | Q68: 35 | R68: =P68-M68 -> -640 | S68: =IF(M68=0,"",(P68-M68)/(M68)) -> -0.9481
A69: 63 | C69: 302013000005359 | D69: 000022359 | E69: 电脑 | F69: 联想 | G69: 台 | H69: 1 | I69: 2009-07-31 | J69: 2009-07-31 | K69: 4050 | L69: 3375 | M69: =K69-L69 -> 675 | N69: =H69*Q69 -> 35 | P69: =N69 -> 35 | Q69: 35 | R69: =P69-M69 -> -640 | S69: =IF(M69=0,"",(P69-M69)/(M69)) -> -0.9481
A70: 64 | C70: 302013000005360 | D70: 000020591 | E70: 电脑 | F70: 联想 | G70: 台 | H70: 1 | I70: 2008-11-30 | J70: 2008-11-30 | K70: 4050 | L70: 3375 | M70: =K70-L70 -> 675 | N70: =H70*Q70 -> 35 | P70: =N70 -> 35 | Q70: 35 | R70: =P70-M70 -> -640 | S70: =IF(M70=0,"",(P70-M70)/(M70)) -> -0.9481
A71: 65 | C71: 302013000005362 | D71: 000022350 | E71: 电脑 | F71: 联想 | G71: 台 | H71: 1 | I71: 2009-04-30 | J71: 2009-04-30 | K71: 4050 | L71: 3375 | M71: =K71-L71 -> 675 | N71: =H71*Q71 -> 35 | P71: =N71 -> 35 | Q71: 35 | R71: =P71-M71 -> -640 | S71: =IF(M71=0,"",(P71-M71)/(M71)) -> -0.9481
A72: 66 | C72: 302013000005371 | D72: 000020514 | E72: 电脑 | F72: 联想 | G72: 台 | H72: 1 | I72: 2008-12-31 | J72: 2008-12-31 | K72: 4350 | L72: 3625.2 | M72: =K72-L72 -> 724.8 | N72: =H72*Q72 -> 35 | P72: =N72 -> 35 | Q72: 35 | R72: =P72-M72 -> -690 | S72: =IF(M72=0,"",(P72-M72)/(M72)) -> -0.9517
A73: 67 | C73: 302013000003000 | D73: 000020502 | E73: 联想电脑 | F73: 联想 | G73: 台 | H73: 1 | I73: 2008-10-31 | J73: 2008-10-31 | K73: 4350 | L73: 3625.2 | M73: =K73-L73 -> 724.8 | N73: =H73*Q73 -> 35 | P73: =N73 -> 35 | Q73: 35 | R73: =P73-M73 -> -690 | S73: =IF(M73=0,"",(P73-M73)/(M73)) -> -0.9517
A74: 68 | C74: 302013000005374 | D74: WSQYFDQ-01466 | E74: 电脑 | F74: 联想 | G74: 台 | H74: 1 | I74: 2004-03-01 | J74: 2004-03-01 | K74: 4480 | L74: 3733.2 | M74: =K74-L74 -> 746.8 | N74: =H74*Q74 -> 35 | P74: =N74 -> 35 | Q74: 35 | R74: =P74-M74 -> -712 | S74: =IF(M74=0,"",(P74-M74)/(M74)) -> -0.9531
A75: 69 | C75: 302013000005373 | D75: WSQYFDQ-01467 | E75: 电脑 | F75: 联想 | G75: 台 | H75: 1 | I75: 2005-12-01 | J75: 2005-12-01 | K75: 4480 | L75: 3733.2 | M75: =K75-L75 -> 746.8 | N75: =H75*Q75 -> 35 | P75: =N75 -> 35 | Q75: 35 | R75: =P75-M75 -> -712 | S75: =IF(M75=0,"",(P75-M75)/(M75)) -> -0.9531
A76: 70 | C76: 302013000003003 | D76: 000012173 | E76: 联想电脑 | F76: 联想 | G76: 台 | H76: 1 | I76: 2005-06-30 | J76: 2005-06-30 | K76: 4800 | L76: 4000.2 | M76: =K76-L76 -> 799.8 | N76: =H76*Q76 -> 35 | P76: =N76 -> 35 | Q76: 35 | R76: =P76-M76 -> -765 | S76: =IF(M76=0,"",(P76-M76)/(M76)) -> -0.9562
A77: 71 | C77: 302013000002931 | D77: 000012197 | E77: 联想电脑（15#液晶） | F77: 联想 | G77: 台 | H77: 1 | I77: 2005-11-30 | J77: 2005-11-30 | K77: 4900 | L77: 4083.6 | M77: =K77-L77 -> 816.4 | N77: =H77*Q77 -> 35 | P77: =N77 -> 35 | Q77: 35 | R77: =P77-M77 -> -781 | S77: =IF(M77=0,"",(P77-M77)/(M77)) -> -0.9571
A78: 72 | C78: 302013000003004 | D78: 000020489 | E78: 联想电脑 | F78: 联想 | G78: 台 | H78: 1 | I78: 2008-08-31 | J78: 2008-08-31 | K78: 4950 | L78: 4125 | M78: =K78-L78 -> 825 | N78: =H78*Q78 -> 35 | P78: =N78 -> 35 | Q78: 35 | R78: =P78-M78 -> -790 | S78: =IF(M78=0,"",(P78-M78)/(M78)) -> -0.9576
... A82: 76 | C82: 302013000003006 | D82: 000012161 | E82: 联想电脑 | F82: 联想 | G82: 台 | H82: 1 | I82: 2004-12-31 | J82: 2004-12-31 | K82: 4999 | L82: 4165.8 | M82: =K82-L82 -> 833.2 | N82: =H82*Q82 -> 35 | P82: =N82 -> 35 | Q82: 35 | R82: =P82-M82 -> -798 | S82: =IF(M82=0,"",(P82-M82)/(M82)) -> -0.958
A83: 77 | C83: 302013000005067 | D83: WSQYFDQ-01456 | E83: 电脑（组装） | G83: 台 | H83: 1 | I83: 2005-12-01 | J83: 2005-12-01 | K83: 5000 | L83: 4166.4 | M83: =K83-L83 -> 833.6 | N83: =H83*Q83 -> 35 | P83: =N83 -> 35 | Q83: 35 | R83: =P83-M83 -> -799 | S83: =IF(M83=0,"",(P83-M83)/(M83)) -> -0.958
A84: 78 | C84: 302013000005383 | D84: WSQYFDQ-01457 | E84: 电脑 | G84: 台 | H84: 1 | I84: 2005-12-01 | J84: 2005-12-01 | K84: 5280 | L84: 4399.8 | M84: =K84-L84 -> 880.2 | N84: =H84*Q84 -> 35 | P84: =N84 -> 35 | Q84: 35 | R84: =P84-M84 -> -845 | S84: =IF(M84=0,"",(P84-M84)/(M84)) -> -0.9602
A85: 79 | C85: 302013000005389 | D85: 000022288 | E85: 电脑 | G85: 台 | H85: 1 | I85: 2009-03-31 | J85: 2009-03-31 | K85: 5600 | L85: 4666.8 | M85: =K85-L85 -> 933.2 | N85: =H85*Q85 -> 35 | P85: =N85 -> 35 | Q85: 35 | R85: =P85-M85 -> -898 | S85: =IF(M85=0,"",(P85-M85)/(M85)) -> -0.9625
A86: 80 | C86: 302013000005388 | D86: 000022290 | E86: 电脑 | G86: 台 | H86: 1 | I86: 2009-03-31 | J86: 2009-03-31 | K86: 5600 | L86: 4666.8 | M86: =K86-L86 -> 933.2 | N86: =H86*Q86 -> 35 | P86: =N86 -> 35 | Q86: 35 | R86: =P86-M86 -> -898 | S86: =IF(M86=0,"",(P86-M86)/(M86)) -> -0.9625
A87: 81 | C87: 302013000005390 | D87: 000020440 | E87: 电脑 | G87: 台 | H87: 1 | I87: 2008-05-31 | J87: 2008-05-31 | K87: 5650 | L87: 4708.2 | M87: =K87-L87 -> 941.8 | N87: =H87*Q87 -> 35 | P87: =N87 -> 35 | Q87: 35 | R87: =P87-M87 -> -907 | S87: =IF(M87=0,"",(P87-M87)/(M87)) -> -0.9628
A88: 82 | C88: 302013000005393 | D88: 000020481 | E88: 电脑 | G88: 台 | H88: 1 | I88: 2008-07-31 | J88: 2008-07-31 | K88: 5780 | L88: 4816.8 | M88: =K88-L88 -> 963.2 | N88: =H88*Q88 -> 35 | P88: =N88 -> 35 | Q88: 35 | R88: =P88-M88 -> -928 | S88: =IF(M88=0,"",(P88-M88)/(M88)) -> -0.9637
A89: 83 | C89: 302013000003009 | D89: 000020506 | E89: 联想电脑 | F89: 联想 | G89: 台 | H89: 1 | I89: 2008-10-31 | J89: 2008-10-31 | K89: 6050 | L89: 5041.8 | M89: =K89-L89 -> 1008.2 | N89: =H89*Q89 -> 35 | P89: =N89 -> 35 | Q89: 35 | R89: =P89-M89 -> -973 | S89: =IF(M89=0,"",(P89-M89)/(M89)) -> -0.9653
A90: 84 | C90: 302013000005395 | D90: WSQYFDQ-01443 | E90: 电脑 | G90: 台 | H90: 1 | I90: 2006-11-01 | J90: 2006-11-01 | K90: 6500 | L90: 5416.8 | M90: =K90-L90 -> 1083.2 | N90: =H90*Q90 -> 35 | P90: =N90 -> 35 | Q90: 35 | R90: =P90-M90 -> -1048 | S90: =IF(M90=0,"",(P90-M90)/(M90)) -> -0.9677
A91: 85 | C91: 302013000004700 | D91: WSQYFDQ-01468 | E91: 方正电脑 | F91: 方正 | G91: 台 | H91: 1 | I91: 2002-03-01 | J91: 2002-03-01 | K91: 3680 | L91: 3066.6 | M91: =K91-L91 -> 613.4 | N91: =H91*Q91 -> 35 | P91: =N91 -> 35 | Q91: 35 | R91: =P91-M91 -> -578 | S91: =IF(M91=0,"",(P91-M91)/(M91)) -> -0.9429
A92: 86 | C92: 302013000005376 | D92: WSQYFDQ-01473 | E92: 电脑 | G92: 台 | H92: 1 | I92: 2006-03-01 | J92: 2006-03-01 | K92: 4600 | L92: 3833.4 | M92: =K92-L92 -> 766.6 | N92: =H92*Q92 -> 35 | P92: =N92 -> 35 | Q92: 35 | R92: =P92-M92 -> -732 | S92: =IF(M92=0,"",(P92-M92)/(M92)) -> -0.9543
A93: 87 | C93: 302013000001875 | D93: WSQYFDQ-01444 | E93: 微机 | G93: 台 | H93: 1 | I93: 2005-10-01 | J93: 2005-10-01 | K93: 14100 | L93: 11749.8 | M93: =K93-L93 -> 2350.2 | N93: =H93*Q93 -> 35 | P93: =N93 -> 35 | Q93: 35 | R93: =P93-M93 -> -2315 | S93: =IF(M93=0,"",(P93-M93)/(M93)) -> -0.9851
A94: 88 | C94: 302013000003576 | D94: 000011951 | E94: 计算机（联想奔腾2000）（转9W） | F94: 联想 | G94: 台 | H94: 1 | I94: 2001-01-01 | J94: 2001-01-01 | K94: 10064 | L94: 8386.8 | M94: =K94-L94 -> 1677.2 | N94: =H94*Q94 -> 35 | P94: =N94 -> 35 | Q94: 35 | R94: =P94-M94 -> -1642 | S94: =IF(M94=0,"",(P94-M94)/(M94)) -> -0.9791
A95: 89 | C95: 302013000003587 | D95: 000011956 | E95: 计算机（TCL）（转护理部） | F95: TCL | G95: 台 | H95: 1 | I95: 2001-01-01 | J95: 2001-01-01 | K95: 6988 | L95: 5823.6 | M95: =K95-L95 -> 1164.4 | N95: =H95*Q95 -> 35 | P95: =N95 -> 35 | Q95: 35 | R95: =P95-M95 -> -1129 | S95: =IF(M95=0,"",(P95-M95)/(M95)) -> -0.9699
A96: 90 | C96: 302013000003580 | D96: 000012001 | E96: 计算机（联想E2016） | F96: 联想 | G96: 台 | H96: 1 | I96: 2004-03-31 | J96: 2004-03-31 | K96: 5878 | L96: 4898.4 | M96: =K96-L96 -> 979.6 | N96: =H96*Q96 -> 35 | P96: =N96 -> 35 | Q96: 35 | R96: =P96-M96 -> -945 | S96: =IF(M96=0,"",(P96-M96)/(M96)) -> -0.9643
A97: 91 | C97: 302013000003581 | D97: 000011946 | E97: 计算机（联想） | F97: 联想 | G97: 台 | H97: 1 | I97: 2003-04-30 | J97: 2003-04-30 | K97: 5380 | L97: 4483.2 | M97: =K97-L97 -> 896.8 | N97: =H97*Q97 -> 35 | P97: =N97 -> 35 | Q97: 35 | R97: =P97-M97 -> -862 | S97: =IF(M97=0,"",(P97-M97)/(M97)) -> -0.961
A98: 92 | C98: 302013000003575 | D98: 000012153 | E98: 计算机（联想家悦） | F98: 联想 | G98: 台 | H98: 1 | I98: 2004-10-31 | J98: 2004-10-31 | K98: 4849 | L98: 4041 | M98: =K98-L98 -> 808 | N98: =H98*Q98 -> 35 | P98: =N98 -> 35 | Q98: 35 | R98: =P98-M98 -> -773 | S98: =IF(M98=0,"",(P98-M98)/(M98)) -> -0.9567
A99: 93 | C99: 302013000003847 | D99: 000012037 | E99: 工作站（联想） | F99: 联想 | G99: 台 | H99: 1 | I99: 2004-09-30 | J99: 2004-09-30 | K99: 6600 | L99: 5500.2 | M99: =K99-L99 -> 1099.8 | N99: =H99*Q99 -> 35 | P99: =N99 -> 35 | Q99: 35 | R99: =P99-M99 -> -1065 | S99: =IF(M99=0,"",(P99-M99)/(M99)) -> -0.9682
A100: 94 | C100: 302013000003578 | D100: 000011973 | E100: 计算机（联想E2028） | F100: 联想 | G100: 台 | H100: 1 | I100: 2004-03-31 | J100: 2004-03-31 | K100: 6188 | L100: 5156.4 | M100: =K100-L100 -> 1031.6 | N100: =H100*Q100 -> 35 | P100: =N100 -> 35 | Q100: 35 | R100: =P100-M100 -> -997 | S100: =IF(M100=0,"",(P100-M100)/(M100)) -> -0.9661
A101: 95 | C101: 302013000003577 | D101: 000011989 | E101: 计算机（联想E2028） | F101: 联想 | G101: 台 | H101: 1 | I101: 2004-03-31 | J101: 2004-03-31 | K101: 6188 | L101: 5156.4 | M101: =K101-L101 -> 1031.6 | N101: =H101*Q101 -> 35 | P101: =N101 -> 35 | Q101: 35 | R101: =P101-M101 -> -997 | S101: =IF(M101=0,"",(P101-M101)/(M101)) -> -0.9661
A102: 96 | C102: 302013000003584 | D102: 000012005 | E102: 计算机（兼容机） | F102: 联想 | G102: 台 | H102: 1 | I102: 2003-07-31 | J102: 2003-07-31 | K102: 5120 | L102: 4266.6 | M102: =K102-L102 -> 853.4 | N102: =H102*Q102 -> 35 | P102: =N102 -> 35 | Q102: 35 | R102: =P102-M102 -> -818 | S102: =IF(M102=0,"",(P102-M102)/(M102)) -> -0.959
A103: 97 | C103: 302013000003585 | D103: 000011965 | E103: 计算机（宏基586）（坏） | F103: 宏基 | G103: 台 | H103: 1 | I103: 2001-01-01 | J103: 2001-01-01 | K103: 23700 | L103: 19750.2 | M103: =K103-L103 -> 3949.8 | N103: =H103*Q103 -> 35 | P103: =N103 -> 35 | Q103: 35 | R103: =P103-M103 -> -3915 | S103: =IF(M103=0,"",(P103-M103)/(M103)) -> -0.9911
A104: 98 | C104: 302013000001935 | D104: 000024254 | E104: 台式机 | F104: 联想 | G104: 台 | H104: 1 | I104: 2012-01-01 | J104: 2012-01-01 | K104: 1250 | L104: 1041.6 | M104: =K104-L104 -> 208.4 | N104: =H104*Q104 -> 35 | P104: =N104 -> 35 | Q104: 35 | R104: =P104-M104 -> -173 | S104: =IF(M104=0,"",(P104-M104)/(M104)) -> -0.8321
...

Sheet Sheet1
C13: 电脑类设备净值小计 | H13: 135 | K13: 2078441.5 | L13: 1654541.5 | M13: 423899.96 | N13: 4725 | P13: 4725 | R13: -419175 | S13: -98.8854
